 Dungeon Crawl Stone Soup version 0.28.0-45-g0d030f2227 (webtiles) character file.

Game seed: 3701595685030913494

1100628 protoss039 the Invulnerable (level 27, -1/199 HPs)
             Began as a Gargoyle Earth Elementalist on Apr 22, 2022.
             Was the Champion of Vehumet.
             Slain by a bone dragon (10 damage)
             ... on level 6 of Tartarus on Apr 23, 2022.
             The game lasted 08:07:14 (110525 turns).

protoss039 the Invulnerable (GrEE)                Turns: 110525, Time: 08:07:15

Health: -1/199     AC: 68    Str: 15 (23) XL:     27
Magic:  63/64      EV:  1    Int: 37 (38) God:    Vehumet [******]
Gold:   8455       SH: 40    Dex: 11 (13) Spells: 5/80 levels left

rFire   + + +      SeeInvis +   S - +8 hand axe of Okawaru's Pride {freeze, rF+ rN+ Int+2}
rCold   + + .      Faith    .   V - +18 shield of the Gong {rElec rN+ Will+ EV-5}
rNeg    + + +      Spirit   .   L - +8 orange crystal plate armour {Archmagi, Int+3 Clar}
rPois   ∞          Reflect  +   t - +3 hat of Pondering {ponderous, Will+ MP+10 Int+5}
rElec   +          Harm     .   G - scarf {rC+ rF+}
rCorr   +          Rampage  .   e - +2 pair of gloves {Str+3}
Will    +++..      Archmagi + + b - +0 pair of boots "Umoesios" {rC+ Regen+}
Stlth   .......... Clarity  +   T - amulet of Ovall {Reflect *Slow rCorr Str+8 Dex+3 SH+5}
HPRegen 1.23/turn               y - ring of Ebettyom {Fire rElec Will++ Str-2 SInv}
MPRegen 0.39/turn               g - ring of the Mage {Wiz Archmagi}

@: lich-form, doom-hounded, flying, slowed, studying 6 skills, silenced,
weak-willed, very slow
A: draining attack, torment immunity, no potions, flying, sickness immunity, AC
+20, big wings, negative energy resistance 1, electricity resistance, torment
resistance 1, petrification resistance, clarity, deformed body
}: 6/15 runes: decaying, serpentine, silver, iron, icy, demonic
a: End Transformation, Renounce Religion


You were on level 6 of Tartarus.
You worshipped Vehumet.
Vehumet was exalted by your worship.
You were an undead lich.
You visited 15 branches of the dungeon, and saw 73 of its levels.
You visited Pandemonium 1 time, and saw 1 of its levels.
You visited the Abyss 2 times.
You completed 2 ziggurats, and saw 54 of their levels.
You also visited: Trove and Ice Cave.

You collected 13365 gold pieces.
You spent 4910 gold pieces at shops.

Inventory:

Hand Weapons
 S - the +8 hand axe of Okawaru's Pride (weapon) {freeze, rF+ rN+ Int+2}
   (You found it on level 25 of a ziggurat)

   It freezes those it strikes, dealing additional cold damage.
   It can also slow down cold-blooded creatures.
   Int:       It affects your intelligence (+2).
   rF:        It protects you from fire.
   rN:        It protects you from negative energy.
Armour
 b - the +0 pair of boots "Umoesios" (worn) {rC+ Regen+}
   (You found it on level 1 of the Lair of Beasts)

   rC:        It protects you from cold.
   Regen:     It increases your rate of health regeneration.
 e - a +2 pair of gloves of strength (worn)
 t - the +3 hat of Pondering (worn) {ponderous, Will+ MP+10 Int+5}
   (You found it on level 11 of a ziggurat)

   Int:       It affects your intelligence (+5).
   MP:        It affects your magic capacity (+10).
   Will:      It increases your willpower.
 G - a scarf of resistance (worn)
 L - the +8 orange crystal plate armour (worn) {Archmagi, Int+3 Clar}
   (You found it on level 22 of a ziggurat)

   Int:       It affects your intelligence (+3).
   Clar:      It protects you against confusion.
 V - the +18 shield of the Gong (worn) {rElec rN+ Will+ EV-5}
   (You found it on level 9 of a ziggurat)

   It is deafeningly noisy when blocking attacks.
   EV:        It affects your evasion (-5).
   rElec:     It insulates you from electricity.
   rN:        It protects you from negative energy.
   Will:      It increases your willpower.
Magical Staves
 u - a staff of earth
 D - a staff of fire
Jewellery
 d - the ring "Ladaijosme" {rN+ Str-4 Int+8 Dex+6}
   (You found it on level 18 of a ziggurat)

   [ring of positive energy]

   Str:       It affects your strength (-4).
   Int:       It affects your intelligence (+8).
   Dex:       It affects your dexterity (+6).
   rN:        It protects you from negative energy.
 g - the ring of the Mage (right hand) {Wiz Archmagi}
   (You bought it in a shop on level 3 of the Snake Pit)

   [ring of wizardry]

   It improves your spell success rate.
   Archmagi:  It increases the power of your magical spells.
 y - the ring of Ebettyom (left hand) {Fire rElec Will++ Str-2 SInv}
   (You found it on level 15 of a ziggurat)

   [ring of fire]

   It enhances your fire magic.
   Str:       It affects your strength (-2).
   rF:        It protects you from fire.
   rC:        It makes you vulnerable to cold.
   rElec:     It insulates you from electricity.
   SInv:      It lets you see invisible.
   Will:      It greatly increases your willpower.
 J - the dreamshard necklace {*Dream Drain}
   (You found it on level 15 of a ziggurat)

   [amulet of nothing]

   It shatters if its wearer takes lethal or near-lethal damage, preventing the
   blow and releasing protective dreams that heal and fight for the wearer.
   Drain:     It drains your maximum health when unequipped.
 N - the amulet "Poschuwn" {Reflect rElec rCorr Str+2 SH+5}
   (You found it on level 27 of a ziggurat)

   [amulet of reflection]

   It reflects blocked missile attacks.
   Str:       It affects your strength (+2).
   rElec:     It insulates you from electricity.
   rCorr:     It protects you from acid and corrosion.
   SH:        It affects your SH (+5).
 P - the ring "Vugiciny" {rF+ rC- rN+ rCorr SInv}
   (You found it on level 23 of a ziggurat)

   [ring of resist corrosion]

   rF:        It protects you from fire.
   rC:        It makes you vulnerable to cold.
   rN:        It protects you from negative energy.
   SInv:      It lets you see invisible.
   rCorr:     It protects you from acid and corrosion.
 T - the amulet of Ovall (around neck) {Reflect *Slow rCorr Str+8 Dex+3 SH+5}
   (You found it on level 17 of a ziggurat)

   [amulet of reflection]

   It reflects blocked missile attacks.
   Str:       It affects your strength (+8).
   Dex:       It affects your dexterity (+3).
   rCorr:     It protects you from acid and corrosion.
   *Slow:     It may slow you when you take damage.
   SH:        It affects your SH (+5).
 X - the ring "Ipenoiz" {rC+ rN+ Int+8 Dex-2}
   (You took it off a spriggan berserker on level 2 of the Depths)

   [ring of positive energy]

   Int:       It affects your intelligence (+8).
   Dex:       It affects your dexterity (-2).
   rC:        It protects you from cold.
   rN:        It protects you from negative energy.
Wands
 F - a wand of acid (49)
 K - a wand of digging (19)
 M - a wand of iceblast (23)
Scrolls
 j - 52 scrolls of teleportation
 k - 29 scrolls of enchant weapon
 q - 36 scrolls of fog
 r - 9 scrolls of enchant armour
 z - 6 scrolls of holy word
 A - 14 scrolls of immolation
 B - 17 scrolls of amnesia
 H - 7 scrolls of brand weapon
 Q - 15 scrolls of magic mapping
 W - 6 scrolls of blinking
 Y - 9 scrolls of fear
Potions
 h - 5 potions of invisibility
 i - 11 potions of haste
 l - 19 potions of curing
 m - 11 potions of might
 n - 9 potions of brilliance
 o - 3 potions of resistance
 w - 11 potions of ambrosia
 C - 16 potions of heal wounds
 E - 10 potions of cancellation
 I - 39 potions of mutation
 U - 4 potions of magic
Miscellaneous
 a - the horn of Geryon
 c - a box of beasts
 p - a box of beasts
 O - a condenser vane


   Skills:
 O Level 27 Fighting
 O Level 27 Armour
 - Level 3.0 Dodging
 - Level 3.0 Stealth
 O Level 27 Shields
 O Level 27 Spellcasting
 O Level 27 Conjurations
 + Level 22.7 Necromancy
 + Level 21.3 Transmutations
 O Level 27 Fire Magic
 O Level 27 Earth Magic


You had 5 spell levels left.
You knew the following spells:

 Your Spells              Type           Power      Damage    Failure   Level
a - Borgnjor's Revivific  Necr           99%        N/A       1%          8
b - Passwall              Tmut/Erth      100%       N/A       0%          2
c - Stone Arrow           Conj/Erth      100%       3d13      0%          3
d - Necromutation         Tmut/Necr      98%        N/A       2%          8
e - Fire Storm            Conj/Fire      100%       8d25      1%          9
f - Ignition              Fire           100%       3d25      1%          8
g - Polar Vortex          Ice            42%        N/A       100%        9
i - Borgnjor's Vile Clut  Necr/Erth      100%       N/A       0%          5
j - Iron Shot             Conj/Erth      90%        9d16      0%          6
k - Lehudib's Crystal Sp  Conj/Erth      90%        10d20     1%          8
m - Shatter               Erth           90%        3d65*     1%          9

Your spell library contained the following spells:

 Spells                   Type           Power      Damage    Failure   Level
 Animate Skeleton         Necr           100%       N/A       0%          1
 Beastly Appendage        Tmut           100%       N/A       0%          1
 Foxfire                  Conj/Fire      100%       2x1d9     0%          1
 Magic Dart               Conj           100%       1d8       0%          1
 Pain                     Necr           100%       1d9       0%          1
 Sandblast                Erth           100%       2d20      0%          1
 Scorch                   Fire           100%       2d10      0%          2
 Searing Ray              Conj           100%       2d8       0%          2
 Wereblood                Tmut           100%       N/A       0%          2
 Conjure Flame            Conj/Fire      100%       6-21      0%          3
 Vampiric Draining        Necr           100%       2d13      0%          3
 Animate Dead             Necr           99%        N/A       0%          4
 Dispel Undead            Necr           100%       3d31      0%          4
 Flame Wave               Conj/Fire      100%       2d17      0%          4
 Petrify                  Tmut/Erth      100%       N/A       0%          4
 Sticky Flame             Conj/Fire      100%       2d11      0%          4
 Agony                    Necr           100%       N/A       0%          5
 Excruciating Wounds      Necr           99%        N/A       0%          5
 Fireball                 Conj/Fire      100%       3d36      0%          5
 Irradiate                Conj/Tmut      87%        3d43      0%          5
 Iskenderun's Battlesphe  Conj           100%       2d15      0%          5
 Lee's Rapid Deconstruct  Erth           90%        3d41*     0%          5
 Freeze                   Ice            100%       1d11      1%          1
 Shock                    Conj/Air       100%       1d9       1%          1
 Sting                    Tmut/Pois      100%       1d8       1%          1
 Corpse Rot               Necr/Air       100%       N/A       1%          2
 Poisonous Vapours        Pois/Air       100%       N/A       1%          2
 Static Discharge         Conj/Air       100%       N/A       1%          2
 Dazzling Flash           Conj/Hex       100%       N/A       1%          3
 Ignite Poison            Fire/Tmut/Pois 100%       N/A       1%          3
 Inner Flame              Hex/Fire       100%       N/A       1%          3
 Mephitic Cloud           Conj/Pois/Air  100%       N/A       1%          3
 Spider Form              Tmut/Pois      100%       N/A       1%          3
 Anguish                  Hex/Necr       83%        N/A       1%          4
 Animate Armour           Summ/Erth      100%       N/A       1%          4
 Fulminant Prism          Conj/Hex       73%        3d30      1%          4
 Hailstorm                Conj/Ice       100%       3d20      1%          4
 Ice Form                 Ice/Tmut       100%       N/A       1%          4
 Iskenderun's Mystic Bla  Conj/Tloc      100%       2d19      1%          4
 Leda's Liquefaction      Hex/Erth       73%        N/A       1%          4
 Alistair's Intoxication  Tmut/Pois      92%        N/A       1%          5
 Blade Hands              Tmut           84%        N/A       1%          5
 Freezing Cloud           Conj/Ice/Air   66%        6-21      1%          5
 Lightning Bolt           Conj/Air       73%        1d99      1%          5
 Yara's Violent Unravell  Hex/Tmut       69%        3d26      1%          5
 Apportation              Tloc           100%       N/A       3%          1
 Slow                     Hex            100%       N/A       3%          1
 Summon Small Mammal      Summ           100%       N/A       3%          1
 Frozen Ramparts          Ice            100%       1d12      3%          3
 Blink                    Tloc           100%       N/A       4%          2
 Call Imp                 Summ           84%        N/A       4%          2
 Ensorcelled Hibernation  Hex/Ice        100%       N/A       4%          2
 Airstrike                Air            42%        N/A       9%          4
 Olgreb's Toxic Radiance  Pois           84%        N/A       9%          4
 Call Canine Familiar     Summ           84%        N/A       10%         3
 Confusing Touch          Hex            84%        N/A       10%         3
 Gell's Gravitas          Tloc           84%        N/A       10%         3
 Lesser Beckoning         Tloc           84%        N/A       10%         3
 Ozocubu's Armour         Ice            84%        N/A       10%         3
 Portal Projectile        Hex/Tloc       100%       N/A       10%         3
 Summon Guardian Golem    Hex/Summ       84%        N/A       10%         3
 Swiftness                Air            84%        N/A       10%         3
 Teleport Other           Tloc           84%        N/A       10%         3
 Tukima's Dance           Hex            84%        N/A       10%         3
 Cause Fear               Hex            42%        N/A       30%         4
 Passage of Golubria      Tloc           84%        N/A       30%         4
 Summon Ice Beast         Ice/Summ       84%        N/A       30%         4
 Summon Lightning Spire   Summ/Air       84%        N/A       30%         4
 Manifold Assault         Tloc           84%        N/A       61%         5
 Metabolic Englaciation   Hex/Ice        42%        N/A       61%         5
 Silence                  Hex/Air        42%        N/A       61%         5
 Summon Forest            Summ/Tloc      42%        N/A       61%         5
 Summon Mana Viper        Hex/Summ       84%        N/A       61%         5
 Starburst                Conj/Fire      100%       6d25      0%          6
 Conjure Ball Lightning   Conj/Air       73%        3x3d27    1%          6
 Death Channel            Necr           99%        N/A       1%          6
 Eringya's Noxious Bog    Tmut/Pois      69%        N/A       1%          6
 Dragon Form              Tmut           84%        N/A       1%          7
 Orb of Destruction       Conj           90%        9d20      1%          7
 Infestation              Necr           99%        N/A       1%          8
 Spellforged Servitor     Conj/Summ      73%        N/A       3%          7
 Simulacrum               Ice/Necr       83%        N/A       4%          6
 Haunt                    Necr/Summ      83%        N/A       26%         7
 Storm Form               Tmut/Air       69%        N/A       32%         7
 Chain Lightning          Conj/Air       73%        3d98      91%         9
 Dispersal                Tloc           42%        N/A       99%         6
 Summon Cactus Giant      Summ           42%        N/A       99%         6
 Ozocubu's Refrigeration  Ice            42%        4d13      99%         7
 Enfeeble                 Hex            42%        N/A       100%        7
 Malign Gateway           Summ/Tloc      42%        N/A       100%        7
 Monstrous Menagerie      Summ           42%        N/A       100%        7
 Summon Hydra             Summ           42%        N/A       100%        7
 Discord                  Hex            42%        N/A       100%        8
 Disjunction              Tloc           42%        N/A       100%        8
 Maxwell's Capacitive Co  Air            42%        ∞         100%        8
 Summon Horrible Things   Summ           42%        N/A       100%        8
 Dragon's Call            Summ           42%        N/A       100%        9
 Sublimation of Blood     Necr           Unusable   N/A       N/A         2
 Statue Form              Tmut/Erth      Unusable   N/A       N/A         6

Dungeon Overview and Level Annotations

Branches:
Dungeon (15/15)            Temple (1/1) D:4            Lair (6/6) D:11
  Swamp (4/4) Lair:3        Snake (4/4) Lair:2        Slime (0/5) Lair:6
    Orc (2/2) D:10            Elf (3/3) Orc:2        Vaults (5/5) D:14
  Crypt (3/3) Vaults:2       Tomb (0/3) Crypt:3      Depths (4/4) D:15
   Hell (visited)             Dis (7/7) Hell            Geh (0/7) Hell
    Coc (7/7) Hell            Tar (6/7) Hell            Zot (5/5) Depths:4
  IceCv (visited)

Altars:
Ashenzari
Cheibriados
Dithmenos
Elyvilon
Fedhas
Gozag
Hepliaklqana
Kikubaaqudgha
Makhleb
Nemelex Xobeh
Okawaru
Qazlal
Ru
Sif Muna
Trog
Uskayaw
Vehumet
Wu Jian
Xom
Yredelemnul
Zin
The Shining One
Beogh

Shops:
D:12 ?   Orc:2 **(*=   Elf:1 *   Elf:3 (   Snake:1 :=:   Snake:3 =*:[*
Snake:4 (?=*(?   Vaults:3 [   Vaults:5 *

Portals:
Hell: Lair:6 Depths:1 Depths:2 Depths:3 Depths:4
Abyss: Depths:2 Depths:3 Depths:4
Pandemonium: Orc:2 Depths:1 Depths:2
Ziggurat: Depths:2

Annotations:
Zot:2 2 transporters


Innate Abilities, Weirdness & Mutations

You are an undead lich.
Your unarmed attacks are suffused with negative energy.
You are immune to unholy pain and torment.
Your necromantic spells are more powerful.
You cannot drink.
You are flying.
You are immune to sickness and miasma.
Your stone body is resilient. (AC +20)
You are immune to poison.
Your large and strong wings let you fly.
You resist negative energy. (rN+)
You are resistant to electric shocks. (rElec)
You are resistant to unholy torment.
You are immune to petrification.
You possess an exceptional clarity of mind.
Armour fits poorly on your strangely shaped body.


Message History

The tormentor hits you but does no damage. x2
The Tzitzimitl gestures at you.
You convulse!
* * * LOW HITPOINT WARNING * * *
You feel yourself slow down.
The bone dragon bites you but does no damage.
You block the bone dragon's attack.
The bone dragon tramples you but does no damage.
Unknown command.
Unknown command.
Unknown command.
You cannot drink potions in your current state!
Magic scrolls do not work when you're silenced!
You cannot cast spells when silenced!
Unknown command.
Okay, then.
Magic scrolls do not work when you're silenced!
Unknown command.
Magic scrolls do not work when you're silenced!
Unknown command.
Magic scrolls do not work when you're silenced!
Okay, then.
You cannot drink potions in your current state!
Aiming: Iceblast
Press: ? - help, Shift-Dir - straight line, f/p - silent spectre
Aim: a silent spectre (silenced, severely damaged, radiating silence, covered in acid)
The mass of ice explodes!
The iceblast engulfs the silent spectre!
The silent spectre partially resists.
The silent spectre is severely damaged.
The iceblast engulfs the hellion!
You kill the hellion!
Vehumet accepts your kill.
You feel your power returning.
The iceblast engulfs the bone dragon.
The bone dragon partially resists.
The bone dragon is lightly damaged.
You block the tormentor's attack. x2; You block the doom hound's attack. x2
The bone dragon bites you but does no damage.
The bone dragon claws you!
You die...

##################
..................
..............^...
........∩.........
......W.DD..○.....
...>...Dh..°......
#.#...LD1°.°...#.
# ###D2C§.°.^###
...Z2§☼.....
.........^.....
.................D
.............^....
................
...............


You could see 5 bone dragons, a tainted leviathan (unsilenced), a doom hound
(unsilenced), a Tzitzimitl (unsilenced), a reaper, a silent spectre (silencing,
corroded), a spectral juggernaut and a tormentor (unsilenced).

Vanquished Creatures
  21 pandemonium lords
  Antaeus (Coc:7)
  6 dread liches
  Khufu (Crypt:3)
  Dispater (Dis:7)
  6 ancient liches
  Mara (Snake:3)
  6 orbs of fire
  Mennas (Vaults:5)
  10 juggernauts
  The ghost of deprived the Bringer of Light, a veteran HOFi of the Shining One (Vaults:2)
  16 royal mummies
  Boris (twice) (Crypt:2 Vaults:5)
  29 shard shrikes
  20 Killer Klowns
  Xtahua (Vaults:2)
  Vashnia (Snake:3)
  2 curse toes
  8 golden dragons
  Geryon (Hell)
  40 caustic shrikes
  6 profane servitors
  the Enchantress (Depths:2)
  15 bone dragons
  5 Tzitzimimeh
  7 Brimstone Fiends
  A pearl dragon (Zig:4)
  11 iron giants
  4 electric golems
  2 doom hounds (Tar:4)
  3 hellephants
  20 tentacled monstrosities
  42 Ice Fiends
  A spectral shard shrike (Tar:2)
  Asterion (Snake:1)
  25 Orb Guardians (Zot:5)
  9 tainted leviathans
  22 Hell Sentinels
  9 liches
  21 titans
  16 deep elf master archers
  A quicksilver dragon (shapeshifter) (Zig:19)
  14 deep elf blademasters
  13 ancient champions
  46 acid blobs
  4 sphinxes
  3 Executioners
  6 death cobs
  An eldritch tentacle (Zig:10)
  4 thorn hunters
  20 tentacled starspawn
  4 quicksilver dragons
  A shadow dragon (shapeshifter) (Zig:4)
  Kirke (Lair:5)
  10 storm dragons
  11 shadow dragons
  12 draconian monks
  7 tengu reavers
  19 rockslimes
  A daeva (Zig:24)
  9 revenants
  7 fire giants
  4 nagarajas
  The ghost of Yamstis the Nimble, an adept GnMo of Makhleb (D:15)
  6 demonspawn warmongers
  22 azure jellies
  7 emperor scorpions (Zig:25)
  9 draconian knights
  A fenstrider witch (Swamp:2)
  4 azure jellies (shapeshifter)
  2 frost giants (shapeshifter)
  19 vault wardens
  14 quicksilver elementals
  17 frost giants
  Louise (Snake:4)
  51 narguns
  8 iron dragons
  2 fenstrider witches (shapeshifter)
  An emperor scorpion (shapeshifter) (Zig:19)
  3 fire giants (shapeshifter)
  Aizul (Snake:3)
  10 draconian shifters
  29 ghost moths
  11 balrugs
  6 curse skulls
  6 deep elf sorcerers
  15 shard shrike simulacra
  9 draconian scorchers
  11 cacodemons
  29 orc warlords
  A caustic shrike zombie (Zig:23)
  10 demonspawn corrupters
  2 spectral caustic shrikes (Tar:4)
  3 angels
  7 draconian annihilators
  3 deep elf elementalists (Elf:3)
  The ghost of Yjeari the Unseen, a journeyman GrMo of Gozag (Lair:3)
  11 ghouls
  A caustic shrike skeleton (Zig:23)
  A spriggan defender (Depths:2)
  17 war gargoyles
  12 draconian stormcallers
  17 quicksilver oozes
  9 demonspawn blood saints
  2 ophanim (Zig:4)
  15 reapers
  24 ironbound preservers
  17 vampire knights
  23 very ugly things
  5 broodmothers
  7 ironbound thunderhulks
  14 green draconians
  43 stone giants
  15 lorocyprocas
  A spectral titan (Tar:2)
  12 deep elf demonologists
  6 bennus
  9 bunyips
  15 black draconians
  24 entropy weavers
  12 purple draconians
  23 white draconians
  3 eleionomae
  A dire elephant (shapeshifter) (Zig:19)
  9 spark wasps
  5 demonspawn black suns
  13 yellow draconians
  17 red draconians
  45 wendigos
  2 minotaurs
  10 putrid mouths
  24 dire elephants
  13 iron golems
  24 elemental wellsprings
  12 eidola
  24 deep elf annihilators
  2 spectral quicksilver dragons
  25 blizzard demons
  9 ettins
  13 deep elf death magi
  A spectral golden dragon (Vaults:2)
  Snorg (Lair:3)
  36 merfolk javelineers
  15 deep elf high priests
  6 crystal guardians
  9 green deaths
  6 fire dragons
  21 merfolk impalers
  Josephine (Orc:2)
  4 shambling mangroves
  22 great orbs of eyes
  25 jiangshi
  25 mummy priests
  The ghost of MisterFreud the Fighter, a journeyman DrTm of Ru (D:11)
  Harold (D:7)
  A fire dragon (shapeshifter) (Vaults:5)
  4 salamander tyrants
  The ghost of jacek the Protected, a journeyman DDCA of Ignis (D:9)
  A spectral tengu (Vaults:2)
  A boulder beetle (shapeshifter) (Zig:19)
  9 caustic shrike simulacra
  15 boulder beetles
  25 yaktaur captains
  31 vault guards
  18 naga warriors
  8 rakshasas
  A peacekeeper (Vaults:3)
  29 hydras
  4 ice dragons
  4 spriggan air magi
  4 merfolk avatars
  2 demonspawn (Orc:2)
  2 ghost crabs
  A spriggan zombie (Zig:23)
  2 jorogumos (Zig:25)
  4 spectral spriggans
  7 death knights
  11 hell beasts
  5 alligator snapping turtles
  12 anacondas
  An alligator snapping turtle (shapeshifter) (Zig:19)
  7 radroaches (Zig:25)
  26 centaur warriors
  7 juggernaut simulacra
  An ogre mage (D:15)
  34 merfolk aquamancers
  A catoblepas (shapeshifter) (Zig:17)
  11 ironbound frosthearts
  A catoblepas (Lair:6)
  41 dancing weapons
  A spectral fire giant (Vaults:2)
  A spectral stone giant (Tar:3)
  23 satyrs
  9 alligators
  2 spriggan skeletons
  10 deep troll earth magi
  14 two-headed ogres
  4 deep troll shamans
  A satyr (shapeshifter) (Vaults:5)
  7 death scarabs
  19 vampire magi
  4 hell hogs (Hell)
  40 orc high priests
  A titan zombie (Zig:23)
  8 tengu warriors
  7 spriggan berserkers
  Urug (Orc:2)
  2 spectral dire elephants
  13 shock serpents
  2 spectral nagas
  26 thrashing horrors
  42 naga sharpshooters
  11 hell knights
  20 sun demons
  Sonja (Lair:4)
  23 deep elf knights
  A fire crab (shapeshifter) (D:15)
  16 crystal echidnas
  2 iron trolls (shapeshifter)
  A shock serpent (shapeshifter) (Zig:10)
  21 skeletal warriors
  Nergalle (Lair:3)
  30 wretched stars
  A spectral bunyip (Tar:1)
  12 pharaoh ants
  8 shadow wraiths
  A spectral human (Vaults:2)
  15 iron trolls
  6 goliath frogs
  A titan skeleton (Crypt:2)
  8 salamander mystics
  13 soul eaters
  13 flayed ghosts
  6 sixfirhies
  A sun moth (Zig:25)
  2 spectral anacondas
  5 spatial maelstroms
  A steelbarb worm (shapeshifter) (Zig:5)
  An orb spider (shapeshifter) (Vaults:5)
  17 orb spiders
  13 bog bodies
  A death drake (Swamp:4)
  68 deep trolls
  4 shadow demons
  An iron giant zombie (Crypt:2)
  4 spriggan simulacra
  5 spriggan druids
  23 sea snakes
  24 deep elf zephyrmancers
  3 obsidian statues
  58 harpies
  2 golden dragon skeletons
  8 naga ritualists
  6 glowing orange brains
  6 quicksilver dragon simulacra
  11 swamp dragons
  10 steelbarb worms
  A tengu zombie (Vaults:2)
  10 deep elf archers
  16 ironbound convokers
  12 necromancers
  11 wizards
  An iron dragon zombie (Zig:18)
  12 orc knights
  13 mana vipers
  2 harpies (shapeshifter)
  37 deep elf pyromancers
  A shadow dragon zombie (Zig:13)
  A wolf spider zombie (Crypt:2)
  An orange crystal statue (Zig:2)
  2 oklob plants (Lair:6)
  17 phantasmal warriors
  59 large abominations
  19 lindwurms
  9 wolf spiders
  2 wolf spiders (shapeshifter)
  A spectral ettin (Vaults:2)
  21 orc sorcerers
  6 tengu skeletons
  8 will-o-the-wisps
  22 cyclopes
  62 ugly things
  30 salamanders
  19 shining eyes
  2 manticores (shapeshifter)
  2 moths of wrath (shapeshifter)
  22 manticores
  35 fauns
  2 spectral centaurs
  A shadow dragon skeleton (Depths:1)
  4 iron dragon skeletons
  5 ice statues
  Maurice (D:12)
  16 apocalypse crabs
  52 moths of wrath
  8 worldbinders
  7 rust devils
  8 orange demons
  27 vault sentinels
  39 black mambas
  43 water nymphs
  A fire giant skeleton (Vaults:2)
  A frost giant skeleton (Depths:1)
  25 naga magi
  33 smoke demons
  23 merfolk sirens
  10 torpor snails
  4 titan simulacra
  11 eyes of devastation
  26 cane toads
  16 guardian serpents
  An unseen horror (shapeshifter) (Zig:19)
  A spectral elf (Vaults:2)
  4 molten gargoyles (Hell)
  29 hellions
  6 kobold demonologists
  Maggie (D:8)
  A cane toad (shapeshifter) (D:14)
  36 tormentors
  2 storm dragon simulacra
  14 komodo dragons
  A shock serpent skeleton (Crypt:1)
  6 unseen horrors
  50 yaktaurs
  16 freezing wraiths
  6 ice devils
  A rime drake (shapeshifter) (Elf:2)
  An iron giant simulacrum (Coc:4)
  56 guardian mummies
  5 efreet
  A bunyip simulacrum (Coc:1)
  23 demonic crawlers
  6 rime drakes
  7 anaconda simulacra
  A green draconian skeleton (Crypt:1)
  3 tengu conjurers
  A yaktaur skeleton (Vaults:2)
  A harpy zombie (Crypt:2)
  3 golden dragon simulacra
  A troll (shapeshifter) (Zig:27)
  20 ancient zymes
  6 hellwings
  96 merfolk
  4 red devils
  3 bloated husks
  A queen bee (Lair:2)
  2 spectral harpies
  2 meliai (shapeshifter)
  9 meliai
  18 trolls
  8 wind drakes
  9 hornets
  A white draconian skeleton (Crypt:1)
  4 wolf spider simulacra (D:15)
  2 tengu simulacra
  A hornet (shapeshifter) (Zig:13)
  A polar bear (Lair:3)
  A silent spectre (Tar:4)
  2 shadow dragon simulacra
  A hydra skeleton (Crypt:1)
  13 tarantellas
  27 blink frogs
  10 tyrant leeches
  4 iron dragon simulacra
  19 raiju
  112 slime creatures
  A blink frog (shapeshifter) (Elf:3)
  13 snapping turtles
  A death drake skeleton (Crypt:1)
  2 harpy skeletons (Crypt:2)
  A boulder beetle zombie (Crypt:2)
  A moth of wrath zombie (Crypt:1)
  2 sphinx simulacra (Zig:10)
  2 stone giant simulacra
  An ettin zombie (Vaults:2)
  2 jumping spiders (shapeshifter)
  5 human simulacra (Vaults:2)
  A dream sheep (shapeshifter) (Zig:24)
  22 dream sheep
  10 jumping spiders
  3 centaur simulacra (D:15)
  An ice dragon skeleton (Crypt:1)
  42 water elementals
  5 air elementals
  6 dire elephant simulacra
  5 shadows
  66 flying skulls
  17 ynoxinuls
  8 culicivoras
  6 spriggans
  4 wyverns
  14 ushabtiu
  14 wraiths
  A wyvern (shapeshifter) (Vaults:5)
  A hog (shapeshifter) (Abyss:5)
  19 yaks
  A naga simulacrum (Coc:2)
  2 steam dragons (D:10)
  A fire elemental (Zig:26)
  20 neqoxecs
  6 golden eyes
  Menkaure (D:6)
  26 redbacks
  10 vampire mosquitoes
  An alligator snapping turtle simulacrum (Coc:1)
  2 basilisks
  30 nagas
  2 yaktaur simulacra (Vaults:2)
  23 chaos spawn
  A spatial vortex (Zig:27)
  A water nymph zombie (Crypt:2)
  11 harpy simulacra
  11 wargs
  16 swamp worms
  A swamp worm (shapeshifter) (Zig:10)
  2 acid dragons
  3 hydra simulacra
  A cane toad zombie (Crypt:2)
  2 floating eyes
  Duvessa (D:7)
  6 hell hounds
  16 water moccasins
  2 merfolk skeletons (Crypt:1)
  8 swamp drakes
  82 orc warriors
  4 sky beasts
  4 black bears
  A black bear (shapeshifter) (Zig:27)
  2 ice beasts
  8 necrophages
  An ice dragon simulacrum (Coc:2)
  22 wolves
  43 small abominations
  21 ogres
  5 ettin simulacra
  24 centaurs
  A hog skeleton (Crypt:2)
  11 bullfrogs
  A rime drake skeleton (Crypt:1)
  A salamander zombie (Crypt:2)
  5 kobold brigands
  A gnoll sergeant (D:8)
  A scorpion (shapeshifter) (Zig:19)
  A scorpion (D:5)
  2 cane toad simulacra
  2 wyvern skeletons
  8 earth elementals
  3 human skeletons
  A water moccasin zombie (D:7)
  2 hornet simulacra
  A water moccasin skeleton (Crypt:1)
  Dowan (D:6)
  2 elephant simulacra
  A polar bear skeleton (Crypt:2)
  25 killer bees
  14 wights
  A yak skeleton (Crypt:1)
  8 electric eels
  6 howler monkeys
  2 bullfrog zombies
  41 starcursed masses
  A quasit (Abyss:2)
  4 centaur zombies
  4 hounds
  3 human zombies
  A jelly (D:7)
  A gnoll shaman (D:7)
  26 orc priests
  A bullfrog skeleton (D:4)
  An iron imp (Abyss:2)
  4 iguanas
  33 orc wizards
  5 hell rats (Hell)
  A polar bear simulacrum (IceCv)
  2 killer bee zombies
  4 wolf simulacra
  A hound skeleton (D:3)
  83 mummies
  4 howler monkey zombies
  7 adders
  13 gnolls
  A shadow imp (D:6)
  3 white imps
  3 ufetubi
  An adder skeleton (D:4)
  A worm (Temple)
  6 dart slugs
  73 orcs
  10 ball pythons
  2 bats
  6 endoplasms
  7 giant cockroaches
  7 goblins
  7 hobgoblins
  3 jackals (D:2)
  11 kobolds
  3 quokkas
  A ball python skeleton (Crypt:2)
  3 frilled lizards
  4 rats
  6 ball lightnings (Zig:12)
  7 briar patches (Depths:2)
  A fire vortex (Zig:19)
  A lurking horror (Abyss:5)
  9 starspawn tentacles
5426 creatures vanquished.

Vanquished Creatures (collateral kills)
  3 royal mummies
  3 juggernauts
  2 pandemonium lords
  A bone dragon (Zig:9)
  An Ice Fiend (Zig:14)
  2 titans
  A shadow dragon (shapeshifter) (Zig:17)
  An ancient champion (Zig:23)
  A storm dragon (Zot:3)
  2 draconian monks
  A nargun (Zig:26)
  A draconian knight (Zig:7)
  A frost giant (Zig:26)
  An emperor scorpion (Zig:16)
  A spectral caustic shrike (Tar:2)
  A draconian annihilator (Zig:7)
  A broodmother (Zig:16)
  A stone giant (Zig:21)
  A white draconian (Zig:7)
  A green draconian (Zot:2)
  A red draconian (Zot:4)
  A purple draconian (Zot:2)
  A green death (Zig:8)
  3 merfolk impalers
  A boulder beetle (Zig:25)
  A satyr (Zig:18)
  3 merfolk aquamancers
  An alligator snapping turtle (Zig:11)
  A soul eater (Zig:23)
  A storm dragon zombie (Zig:23)
  A wretched star (Zig:13)
  A sixfirhy (Pan)
  A steelbarb worm (Zig:25)
  A sea snake (Zig:20)
  A wolf spider (Zig:25)
  A worldbinder (Zig:24)
  A starcursed mass (Zig:24)
  A water nymph (Zig:11)
  2 torpor snails (Zig:25)
  2 apocalypse crabs (Zig:17)
  2 slime creatures
  A flying skull (Zig:23)
  A golden eye (Zig:15)
  3 orc warriors (Zig:21)
  A black mamba simulacrum (Coc:2)
  8 mummies (Zig:23)
69 creatures vanquished.

Vanquished Creatures (others)
  2 death cobs
  An eldritch tentacle (Zig:19)
  A draconian knight (Zig:2)
  A draconian scorcher (Zot:4)
  A shard shrike simulacrum (Coc:7)
  A draconian stormcaller (Zot:4)
  2 demonspawn blood saints
  A reaper (Zig:22)
  A demonspawn black sun (Zig:12)
  A black draconian (Zot:2)
  A yellow draconian (Zot:4)
  A red draconian (Zot:4)
  A spatial maelstrom (Zig:14)
  A harpy (Zig:22)
  A phantasmal warrior (Vaults:3)
  A fenstrider witch simulacrum (Coc:1)
  A wizard (D:9)
  A wolf spider (Zig:25)
  An oklob plant (Lair:6)
  A moth of wrath (Zot:4)
  A rime drake (D:15)
  A demonic crawler (Pan)
  A bloated husk (Swamp:4)
  2 hornets (Swamp:4)
  A small abomination (Abyss:2)
  2 spriggans
  A dire elephant simulacrum (Coc:7)
  2 nagas
  A hydra simulacrum (Hell)
  A large abomination (Zig:24)
  An ettin simulacrum (Coc:7)
  A glowing shapeshifter simulacrum (Zig:14)
  3 ball lightnings (Zig:19)
  3 demonic plants (Pan)
  1001 fire vortices
  16 foxfires
  18 fungi
  126 plants
  16 starspawn tentacles
  3 withered plants (D:9)
1223 creatures vanquished.

Grand Total: 6718 creatures vanquished

Notes
Turn   | Place    | Note
-------+----------+-------------------------------------------
     0 | D:1      | protoss039 the Gargoyle Earth Elementalist began the quest
                  | for the Orb.
     0 | D:1      | Reached XP level 1. HP: 10/10 MP: 3/3
   271 | D:1      | Reached skill level 1 in Transmutations
   276 | D:1      | Reached XP level 2. HP: 9/15 MP: 3/5
  1177 | D:1      | Learned a level 2 spell: Passwall
  1187 | D:2      | Reached XP level 3. HP: 12/19 MP: 3/6
  1580 | D:2      | Found a faded altar of an unknown god.
  2022 | D:2      | Found a sparkling altar of Nemelex Xobeh.
  2387 | D:2      | Learned a level 3 spell: Stone Arrow
  2445 | D:3      | Reached XP level 4. HP: 19/24 MP: 8/8
  2906 | D:3      | Found a stormy altar of Qazlal.
  3027 | D:3      | Reached XP level 5. HP: 18/28 MP: 2/9
  3282 | D:3      | Reached skill level 5 in Earth Magic
  3507 | D:4      | Found a staircase to the Ecumenical Temple.
  3516 | Temple   | Entered the Ecumenical Temple
  3904 | D:4      | Reached XP level 6. HP: 12/32 MP: 4/11
  4385 | D:4      | Noticed a black bear
  4392 | D:4      | Killed a black bear
  4882 | D:4      | Found a snail-covered altar of Cheibriados.
  4888 | D:4      | Found a sparkling altar of Nemelex Xobeh.
  4889 | D:4      | Found a shadowy altar of Dithmenos.
  4889 | D:4      | Found a broken altar of Ashenzari.
  4890 | D:4      | Found a shimmering altar of Xom.
  4892 | D:4      | Found a white marble altar of Elyvilon.
  5139 | D:5      | Entered Level 5 of the Dungeon
  5308 | D:5      | Reached XP level 7. HP: 36/36 MP: 10/13
  6398 | D:5      | Reached skill level 5 in Spellcasting
  6398 | D:5      | Reached XP level 8. HP: 21/41 MP: 9/15
  6580 | D:5      | Found a shimmering blue altar of Sif Muna.
  7045 | D:5      | Learned a level 4 spell: Petrify
  7141 | D:6      | Reached skill level 1 in Armour
  7213 | D:6      | Reached skill level 1 in Fighting
  7267 | D:6      | Noticed Menkaure
  7276 | D:6      | Killed Menkaure
  7277 | D:6      | Reached skill level 1 in Conjurations
  8186 | D:7      | Noticed Dowan
  8186 | D:7      | Noticed Duvessa
  8197 | D:7      | Killed Duvessa
  8204 | D:6      | Killed Dowan
  8397 | D:7      | Noticed a wraith
  8412 | D:7      | Killed a wraith
  8413 | D:7      | Reached XP level 9. HP: 36/50 MP: 4/17
  8541 | D:7      | Noticed Harold
  9228 | D:7      | Killed Harold
  9246 | D:7      | Reached skill level 5 in Fighting
  9246 | D:7      | Reached skill level 5 in Armour
  9633 | D:7      | Found a basalt altar of Yredelemnul.
  9784 | D:7      | Reached XP level 10. HP: 59/59 MP: 10/20
 10450 | D:7      | Learned a level 2 spell: Wereblood
 10749 | D:8      | Noticed Maggie
 10752 | D:8      | Killed Maggie
 12076 | D:8      | Reached skill level 5 in Transmutations
 12231 | D:8      | Learned a level 3 spell: Mephitic Cloud
 12237 | D:8      | Learned a level 5 spell: Freezing Cloud
 12341 | D:9      | Found a transporter.
 12342 | D:9      | Noticed jacek's ghost (journeyman DDCA)
 12342 | D:9      | Noticed a two-headed ogre
 12343 | D:9      | Noticed a two-headed ogre
 12343 | D:9      | Noticed a two-headed ogre
 12343 | D:9      | Identified the +3 giant club of Omituary {elec, Str-5
                  | Int+6}
 12343 | D:9      | Noticed a two-headed ogre
 12344 | D:9      | Noticed a two-headed ogre
 12652 | D:9      | Noticed an ice statue
 12773 | D:9      | Killed an ice statue
 12933 | D:9      | Reached skill level 5 in Conjurations
 13756 | D:9      | Found a bloodstained altar of Trog.
 13797 | D:9      | Reached XP level 11. HP: 63/64 MP: 18/23
 13797 | D:9      | Found a glowing golden altar of the Shining One.
 14010 | D:9      | Noticed a wizard
 14013 | D:9      | Killed a wizard
 14035 | D:9      | Found a transporter.
 14295 | D:10     | Entered Level 10 of the Dungeon
 14873 | D:10     | Found a hide-covered altar of Uskayaw.
 15525 | D:10     | Reached skill level 10 in Earth Magic
 15899 | D:10     | Found a portal to a secret trove of treasure.
 16346 | D:10     | Found a staircase to the Orcish Mines.
 16542 | D:10     | Found a radiant altar of Vehumet.
 16625 | D:10     | Became a worshipper of Vehumet
 16991 | D:11     | Found the +4 moon troll leather armour {Spirit, Regen++
                  | MP+5}
 17087 | D:11     | Noticed a minotaur
 17087 | D:11     | Noticed MisterFreud's ghost (journeyman DrTm)
 17088 | D:11     | Noticed a centaur warrior
 17096 | D:11     | Noticed a cyclops
 17111 | D:11     | Found the +8 trident of the Octopus King {venom, rElec
                  | rPois}
 17240 | D:11     | Found a runed translucent gate.
 17241 | D:11     | Found a runed translucent gate.
 17241 | D:11     | Noticed a cyclops
 17242 | D:11     | Found a runed translucent gate.
 17435 | D:11     | Reached skill level 10 in Spellcasting
 17523 | D:11     | Noticed a four-headed hydra
 17527 | D:11     | Killed a four-headed hydra
 17809 | D:11     | Noticed a cyan ugly thing
 17815 | D:11     | Reached XP level 12. HP: 71/71 MP: 26/26
 18025 | D:11     | Noticed a two-headed ogre
 18032 | D:11     | Killed a two-headed ogre
 18155 | D:11     | Noticed a boulder beetle
 18168 | D:11     | Killed a boulder beetle
 18226 | D:11     | Found a staircase to the Lair.
 19036 | D:12     | Found Ycrist's Magic Scroll Shop.
 19044 | D:12     | Noticed Maurice
 19048 | D:12     | Killed Maurice
 19088 | D:12     | Bought a scroll of identify for 34 gold pieces
 19088 | D:12     | Bought a scroll of fear for 59 gold pieces
 19088 | D:12     | Bought a scroll of identify for 34 gold pieces
 19088 | D:12     | Bought a scroll of fog for 34 gold pieces
 19196 | D:12     | Noticed a centaur warrior
 19202 | D:12     | Killed a centaur warrior
 19219 | D:12     | Reached * piety under Vehumet
 19219 | D:12     | Offered knowledge of Foxfire by Vehumet.
 19769 | D:13     | Noticed a centaur warrior
 19776 | D:13     | Killed a centaur warrior
 20216 | D:13     | Noticed a tengu warrior
 20223 | D:13     | Killed a tengu warrior
 20332 | D:13     | Noticed a centaur warrior
 20344 | D:13     | Killed a centaur warrior
 20345 | D:13     | Reached XP level 13. HP: 80/80 MP: 24/28
 20440 | D:13     | Reached skill level 1 in Shields
 20914 | D:13     | Offered knowledge of Shock by Vehumet.
 20918 | D:13     | Reached ** piety under Vehumet
 21407 | D:14     | Reached skill level 5 in Shields
 21615 | D:14     | Noticed an ironbound preserver
 21629 | D:14     | Killed an ironbound preserver
 21655 | D:14     | Found a gate to the Vaults.
 21857 | D:15     | Entered Level 15 of the Dungeon
 21971 | D:15     | Noticed Yamstis's ghost (adept GnMo)
 21973 | D:15     | Noticed a frost giant
 22360 | D:15     | Offered knowledge of Static Discharge by Vehumet.
 22371 | D:15     | Gained mutation: Your large and strong wings let you fly.
                  | [Gargoyle growth]
 22371 | D:15     | Reached XP level 14. HP: 54/86 MP: 15/30
 22419 | D:15     | HP: 1/86 [very large slime creature (35)]
 22684 | D:15     | Reached *** piety under Vehumet
 22918 | D:15     | Reached skill level 10 in Conjurations
 23087 | D:15     | Found a runed translucent gate.
 23276 | D:15     | Found a staircase to the Depths.
 23853 | D:15     | Found a runed translucent gate.
 23853 | D:15     | Found a runed translucent gate.
 24488 | Lair:1   | Entered Level 1 of the Lair of Beasts
 24519 | Lair:1   | Offered knowledge of Conjure Flame by Vehumet.
 24990 | Lair:1   | Identified the +0 pair of boots "Umoesios" {rC+ Regen+}
 25827 | Lair:2   | Reached **** piety under Vehumet
 25990 | Lair:2   | Offered knowledge of Hailstorm by Vehumet.
 26275 | Lair:2   | Identified the +0 falchion "Stringbean" {distort, Fragile
                  | Int+10 Dex-4 SInv}
 26276 | Lair:2   | Found a staircase to the Snake Pit.
 26606 | Lair:3   | Found a transporter.
 26609 | Lair:3   | Found a transporter.
 26610 | Lair:3   | Noticed Yjeari's ghost (journeyman GrMo)
 26865 | Lair:3   | Noticed Nergalle
 26874 | Lair:3   | Killed Nergalle
 27028 | Lair:3   | Noticed Snorg
 27033 | Lair:3   | Reached XP level 15. HP: 90/90 MP: 22/32
 27044 | Lair:3   | Killed Snorg
 27183 | Lair:3   | Found a staircase to the Swamp.
 27486 | Lair:4   | Reached skill level 10 in Shields
 27489 | Lair:4   | Reached ***** piety under Vehumet
 27565 | Lair:4   | Found a frozen archway.
 27571 | Lair:4   | Offered knowledge of Flame Wave by Vehumet.
 27608 | IceCv    | Entered an ice cave
 27627 | IceCv    | Learned a level 4 spell: Flame Wave
 27637 | IceCv    | Found a transporter.
 27653 | IceCv    | Found a transporter.
 28178 | Lair:4   | Noticed Sonja
 28186 | Lair:4   | Killed Sonja
 28187 | Lair:4   | Reached skill level 1 in Fire Magic
 28948 | Lair:5   | Found a runed translucent door.
 29296 | Lair:5   | Identified the +2 long sword of Wyrd {vorpal, SInv}
 29656 | Lair:6   | Entered Level 6 of the Lair of Beasts
 30513 | Lair:6   | Offered knowledge of Irradiate by Vehumet.
 30716 | Lair:6   | Noticed Kirke
 30770 | Lair:5   | Killed Kirke
 30771 | Lair:5   | Reached skill level 10 in Fighting
 31061 | Lair:6   | Reached skill level 10 in Armour
 31080 | Lair:6   | Found a burning altar of Makhleb.
 31465 | Lair:6   | Found a gateway to Hell.
 31654 | Lair:6   | Found a staircase to the Slime Pits.
 31667 | Lair:6   | Reached XP level 16. HP: 97/97 MP: 10/34
 31860 | Lair:6   | Learned a level 5 spell: Irradiate
 32051 | Orc:1    | Entered Level 1 of the Orcish Mines
 32152 | Orc:1    | Found a runed translucent door.
 32700 | Orc:2    | Entered Level 2 of the Orcish Mines
 32707 | Orc:2    | Noticed Urug
 32716 | Orc:2    | Killed Urug
 32822 | Orc:2    | Found Qupnagutu's General Store.
 33228 | Orc:2    | Noticed Josephine
 33241 | Orc:2    | Killed Josephine
 33313 | Orc:2    | Found a staircase to the Elven Halls.
 33593 | Orc:2    | Found Becou's General Store.
 33623 | Orc:2    | Found Lenomil's General Store.
 33670 | Orc:2    | Offered knowledge of Iron Shot by Vehumet.
 33678 | Orc:2    | Learned a level 6 spell: Iron Shot
 34303 | Orc:2    | Found Ugacebb's Antique Weapon Boutique.
 34303 | Orc:2    | Found Tisec's Jewellery Shop.
 34359 | Orc:2    | Found a one-way gate leading to the halls of Pandemonium.
 34438 | Orc:2    | Bought a potion of heal wounds for 75 gold pieces
 34438 | Orc:2    | Bought a scroll of fog for 30 gold pieces
 34475 | Orc:2    | Bought a potion of haste for 130 gold pieces
 34475 | Orc:2    | Bought a scroll of teleportation for 39 gold pieces
 34475 | Orc:2    | Bought a potion of heal wounds for 65 gold pieces
 34475 | Orc:2    | Bought a scroll of amnesia for 45 gold pieces
 34477 | Orc:2    | Bought a potion of resistance for 120 gold pieces
 34598 | Snake:1  | Entered Level 1 of the Snake Pit
 35343 | Snake:1  | Found Ofall's Jewellery Emporium.
 35344 | Snake:1  | Found Fabah's Book Shop.
 35344 | Snake:1  | Found Bastos's Book Shop.
 35352 | Snake:1  | Bought the ring "Raenarud" {Wiz Str-4 Int+5} for 469 gold
                  | pieces
 35396 | Snake:1  | Noticed Asterion
 35404 | Snake:1  | Killed Asterion
 36125 | Snake:2  | Reached skill level 15 in Spellcasting
 36572 | Snake:2  | Reached XP level 17. HP: 102/106 MP: 10/36
 36950 | Snake:2  | Offered knowledge of Fireball by Vehumet.
 37231 | Snake:2  | Reached skill level 15 in Earth Magic
 38044 | Snake:3  | Found Hisig's Book Shop.
 38045 | Snake:3  | Noticed Aizul
 38051 | Snake:3  | Killed Aizul
 38150 | Snake:3  | Found Vudoalle's Antique Armour Shop.
 38150 | Snake:3  | Found Mohiaxet's Jewellery Boutique.
 38155 | Snake:3  | Found Saumifuu's General Store.
 38158 | Snake:3  | Bought an ichor-stained ring mail for 198 gold pieces
 38158 | Snake:3  | Identified the +0 ring mail "Nouwooly" {rC+ rN+++ Will-
                  | Dex+4} (You bought it in a shop on level 3 of the Snake
                  | Pit)
 38162 | Snake:3  | Bought a scroll of identify for 36 gold pieces
 38162 | Snake:3  | Bought a potion of might for 72 gold pieces
 38208 | Snake:3  | Found Femualosch's General Store.
 38434 | Snake:3  | Noticed Mara
 38612 | Snake:3  | Noticed protoss039's illusion
 38781 | Snake:3  | Noticed Vashnia
 38791 | Snake:3  | Killed Vashnia
 39127 | Snake:3  | Noticed protoss039's illusion
 39138 | Snake:3  | Killed Mara
 39331 | Snake:3  | Bought Great Wizards, Vol. II for 532 gold pieces
 39337 | Snake:3  | Learned a level 5 spell: Borgnjor's Vile Clutch
 39363 | Snake:4  | Entered Level 4 of the Snake Pit
 39616 | Snake:4  | Found Egiwyf's Assorted Antiques.
 39618 | Snake:4  | Found Maivu's Jewellery Shoppe.
 39621 | Snake:4  | Found Jant's Magic Scroll Emporium.
 39804 | Snake:4  | Found Jierer's Weapon Boutique.
 40056 | Snake:4  | Reached skill level 1 in Necromancy
 40058 | Snake:4  | Reached XP level 18. HP: 112/112 MP: 38/38
 40101 | Snake:4  | Found an iron altar of Okawaru.
 40359 | Snake:4  | Noticed Louise
 40367 | Snake:4  | Killed Louise
 40502 | Snake:4  | Found Igoresk's Antique Weapon Shop.
 40509 | Snake:4  | Reached ****** piety under Vehumet
 40567 | Snake:4  | Found Acwuyclu's Magic Scroll Shoppe.
 41047 | Snake:4  | Offered knowledge of Lee's Rapid Deconstruction by Vehumet.
 41708 | Snake:4  | Got a serpentine rune of Zot
 42032 | Swamp:1  | Entered Level 1 of the Swamp
 43139 | Swamp:1  | Identified the +1 buckler of Gauk {Rampage rC- rN+}
 44635 | Swamp:3  | Offered knowledge of Conjure Ball Lightning by Vehumet.
 45144 | Swamp:3  | Reached XP level 19. HP: 119/119 MP: 34/39
 45527 | Swamp:3  | Reached skill level 5 in Fire Magic
 45998 | Swamp:4  | Entered Level 4 of the Swamp
 46597 | Swamp:4  | Offered knowledge of Ozocubu's Refrigeration by Vehumet.
 47145 | Swamp:4  | Got a decaying rune of Zot
 47832 | D:14     | Reached XP level 20. HP: 127/127 MP: 41/41
 47836 | Vaults:1 | Entered Level 1 of the Vaults
 48572 | Vaults:1 | Identified the -7 buckler of Courage {rPois rF+}
 49653 | Vaults:1 | Offered knowledge of Lehudib's Crystal Spear by Vehumet.
 49653 | Vaults:1 | Offered knowledge of Fire Storm by Vehumet.
 49653 | Vaults:1 | Offered knowledge of Shatter by Vehumet.
 49655 | Vaults:1 | Reached XP level 21. HP: 132/132 MP: 42/42
 50371 | Vaults:1 | Learned a level 8 spell: Lehudib's Crystal Spear
 50382 | Vaults:1 | Learned a level 9 spell: Shatter
 50393 | Vaults:1 | Learned a level 9 spell: Fire Storm
 51091 | Vaults:2 | Reached skill level 15 in Fighting
 51446 | Vaults:2 | Reached skill level 15 in Armour
 51446 | Vaults:2 | Reached skill level 15 in Shields
 51735 | Vaults:2 | Found a runed translucent gate.
 51735 | Vaults:2 | Found a runed translucent gate.
 51735 | Vaults:2 | Found a runed translucent gate.
 51737 | Vaults:2 | Noticed deprived's ghost (veteran HOFi)
 51779 | Vaults:2 | Noticed Xtahua
 51784 | Vaults:2 | Killed Xtahua
 52064 | Vaults:2 | Reached skill level 5 in Necromancy
 52907 | Vaults:2 | Identified the +1 long sword "Olopaim" {venom, Fly}
 53012 | Vaults:2 | Found a staircase to the Crypt.
 54304 | Vaults:3 | Reached skill level 15 in Conjurations
 54338 | Vaults:3 | Reached XP level 22. HP: 119/140 MP: 17/44
 54762 | Vaults:3 | Found Zeasiepn's Armour Shoppe.
 55217 | Vaults:3 | Found a huge runed gate.
 55218 | Vaults:3 | Found a huge runed gate.
 55219 | Vaults:3 | Found a huge runed gate.
 55219 | Vaults:3 | Found a huge runed gate.
 55220 | Vaults:3 | Found a huge runed gate.
 55220 | Vaults:3 | Found a huge runed gate.
 55221 | Vaults:3 | Found a huge runed gate.
 55221 | Vaults:3 | Found a huge runed gate.
 55221 | Vaults:3 | Found a huge runed gate.
 55221 | Vaults:3 | Found a huge runed gate.
 55221 | Vaults:3 | Found a huge runed gate.
 55222 | Vaults:3 | Found a huge runed gate.
 55223 | Vaults:3 | Found a huge runed gate.
 55223 | Vaults:3 | Found a huge runed gate.
 55224 | Vaults:3 | Found a huge runed gate.
 55225 | Vaults:3 | Found a huge runed gate.
 55226 | Vaults:3 | Found a huge runed gate.
 55261 | Vaults:3 | Found a huge runed gate.
 55261 | Vaults:3 | Found a huge runed gate.
 55261 | Vaults:3 | Found a huge runed gate.
 55261 | Vaults:3 | Found a huge runed gate.
 55261 | Vaults:3 | Found a huge runed gate.
 55261 | Vaults:3 | Found a huge runed gate.
 55262 | Vaults:3 | Found a huge runed gate.
 55263 | Vaults:3 | Found a huge runed gate.
 55264 | Vaults:3 | Found a huge runed gate.
 55272 | Vaults:3 | Found a huge runed gate.
 55272 | Vaults:3 | Found a huge runed gate.
 55272 | Vaults:3 | Found a huge runed gate.
 55272 | Vaults:3 | Found a huge runed gate.
 55272 | Vaults:3 | Found a huge runed gate.
 55272 | Vaults:3 | Found a huge runed gate.
 55273 | Vaults:3 | Found a huge runed gate.
 55274 | Vaults:3 | Found a huge runed gate.
 55275 | Vaults:3 | Found a huge runed gate.
 55285 | Vaults:3 | Found a huge runed gate.
 57469 | Vaults:4 | Identified the +1 mace of Attainder {vorpal, rCorr}
 57471 | Vaults:4 | Identified a scroll of acquirement
 57472 | Vaults:4 | Acquired the +10 double sword "Xainogo" {vamp, rC++}
 57816 | Snake:3  | Bought the ring of the Mage {Wiz Archmagi} for 867 gold
                  | pieces
 57816 | Snake:3  | Found the ring of the Mage {Wiz Archmagi}
 58106 | D:9      | Killed jacek's ghost
 58220 | D:11     | Killed MisterFreud's ghost
 58419 | D:15     | Killed Yamstis's ghost
 58532 | D:15     | Got the Reference Book on Transformation
 58534 | D:15     | Got the ring "Oxkoy" {Fire rElec rN+ Str+3 Slay+3}
 58804 | Lair:3   | Killed Yjeari's ghost
 59412 | Vaults:2 | Killed deprived's ghost
 59922 | Elf:1    | Entered Level 1 of the Elven Halls
 59926 | Elf:1    | Paralysed by an air elemental for 1 turns
 60663 | Elf:1    | Reached XP level 23. HP: 120/144 MP: 33/46
 60945 | Elf:1    | Identified the +6 hunting sling "Exygeag" {freeze, rN+
                  | Int+3}
 61107 | Elf:1    | Found Vunuci's Gadget Gallery.
 61555 | Elf:2    | Reached skill level 10 in Fire Magic
 62060 | Elf:2    | Found a runed translucent gate.
 62060 | Elf:2    | Found a runed translucent gate.
 62062 | Elf:2    | Found a runed translucent gate.
 62893 | Elf:3    | Entered Level 3 of the Elven Halls
 62988 | Elf:3    | Found Jiyczirchem's Weapon Shoppe.
 63823 | Elf:3    | Identified the ring "Diqiats" {rC+ SInv}
 64076 | Elf:3    | Identified the +6 mace of the Lair of Beasts {flame, rC-
                  | Will++ rCorr}
 64477 | Elf:3    | Identified the +4 chain mail of Understanding {rPois rF+
                  | Regen+ Str-3}
 64750 | Elf:3    | Identified the +2 ring mail of Dim Light {rF- rN+ rCorr
                  | Str+3}
 64795 | Elf:3    | Got Ecopnein's Almanac of Quantum Summoning
 64867 | Elf:3    | Got the Handbook of Love and Death
 65279 | Depths:1 | Entered Level 1 of the Depths
 65599 | Snake:4  | Bought a scroll of amnesia for 56 gold pieces
 65599 | Snake:4  | Bought a scroll of acquirement for 832 gold pieces
 65599 | Snake:4  | Bought a scroll of enchant armour for 120 gold pieces
 65599 | Snake:4  | Bought a scroll of teleportation for 48 gold pieces
 65599 | Snake:4  | Bought a scroll of fog for 32 gold pieces
 65599 | Snake:4  | Acquired 333 gold pieces
 66045 | Depths:1 | Gained mutation: Your body sometimes deteriorates upon
                  | taking damage. [a neqoxec]
 66281 | Depths:1 | Found a hazy altar of Hepliaklqana.
 66625 | Depths:1 | You are sucked into a shaft and drop 1 floor!
 67026 | Depths:2 | Reached XP level 24. HP: 150/150 MP: 27/47
 67204 | Depths:2 | Found an ornate altar of the Wu Jian Council.
 67606 | Depths:2 | Identified the ring "Ipenoiz" {rC+ rN+ Int+8 Dex-2}
 68009 | Depths:2 | Found a one-way gate to the infinite horrors of the Abyss.
 68122 | Depths:2 | Found a one-way gateway to a ziggurat.
 68594 | Depths:2 | Noticed the Enchantress
 68604 | Depths:2 | Killed the Enchantress
 68676 | Depths:2 | Identified the +5 scythe of Melee {vorpal, rElec Str+4}
 69683 | Depths:3 | Identified the +7 war axe of the Singing Fulmar {drain,
                  | rPois Int-3 Dex+3 SInv}
 70676 | Depths:4 | Entered Level 4 of the Depths
 70879 | Depths:4 | Found a broken altar of Ashenzari.
 70900 | Depths:4 | Reached XP level 25. HP: 155/155 MP: 38/49
 70952 | Depths:4 | Found a gate to the Realm of Zot.
 71204 | Depths:4 | Found a stormy altar of Qazlal.
 71890 | Crypt:1  | Entered Level 1 of the Crypt
 72960 | Crypt:2  | Noticed Boris
 73358 | Crypt:2  | Killed Boris
 73720 | Crypt:3  | Entered Level 3 of the Crypt
 74146 | Crypt:2  | Found a basalt altar of Yredelemnul.
 74223 | Crypt:3  | Found a basalt altar of Yredelemnul.
 74765 | Crypt:3  | Identified the +6 short sword of the Scavenger {protect,
                  | rN+ rCorr Dex-4}
 75176 | Crypt:3  | Found a staircase to the Tomb.
 75176 | Crypt:3  | Noticed Khufu
 75210 | Crypt:3  | Killed Khufu
 75211 | Crypt:3  | Reached XP level 26. HP: 43/164 MP: 13/49
 75338 | Crypt:3  | Identified the ring of the Endless Expanse {rN+ Int+2}
 75338 | Crypt:3  | Identified the ring "Eloxt" {*Slow rF+ rN+ Dex+3}
 75861 | Snake:1  | Bought the Compendium of Changing for 450 gold pieces
 75870 | Snake:1  | Learned a level 8 spell: Necromutation
 76240 | Vaults:3 | Identified the +1 leather armour "Sutoory" {+Blink rCorr
                  | Str+5 Int-5}
 76379 | Vaults:5 | Entered Level 5 of the Vaults
 76462 | Vaults:5 | Noticed Boris
 76466 | Vaults:5 | Killed Boris
 76466 | Vaults:5 | Noticed an ancient lich
 76468 | Vaults:5 | Noticed Mennas
 76469 | Vaults:5 | Killed an ancient lich
 76757 | Vaults:5 | Got a silver rune of Zot
 76899 | Vaults:5 | Identified the +5 dagger "Tajeol" {freeze, Str+4 Stlth+}
 76906 | Vaults:5 | Noticed an ancient lich
 76912 | Vaults:5 | Killed an ancient lich
 77248 | Vaults:5 | Found Seafe's General Store.
 77281 | Vaults:5 | Noticed an ancient lich
 77288 | Vaults:5 | Killed an ancient lich
 77414 | Vaults:5 | Found the +9 staff of Olgreb {rPois∞}
 77490 | Vaults:5 | Killed Mennas
 77780 | Vaults:5 | Identified the ring of Syiv Joelexu {rElec rPois Str-4
                  | Int+6 Stlth+}
 77962 | Vaults:5 | Identified the +10 morningstar of Dithmenos {elec, Dex+2}
 78247 | Zot:1    | Entered Level 1 of the Realm of Zot
 78251 | Zot:1    | Reached XP level 27. HP: 151/172 MP: 31/50
 79854 | Zot:2    | Noticed an orb of fire
 79858 | Zot:2    | Gained mutation: You are weak. (Str -2) [an orb of fire]
 79859 | Zot:2    | Killed an orb of fire
 79874 | Zot:2    | Reached skill level 15 in Fire Magic
 80293 | Zot:2    | Found a transporter.
 80376 | Zot:2    | Found a transporter.
 80612 | Zot:2    | Noticed a dread lich
 80624 | Zot:2    | Killed a dread lich
 81200 | Zot:2    | Identified the ring of Kalaib {rElec rPois rCorr Dex+5
                  | Stlth-}
 81204 | Zot:2    | Identified the amulet "Xaobuc" {rElec Regen+}
 81228 | Zot:2    | Identified the +5 long sword of Abomination {antimagic,
                  | rElec Int+4}
 81242 | Zot:2    | Identified the ring "Xargha Bappi" {rF- Int+6 Dex+8 Stlth+}
 81561 | D:10     | You paid a toll of +3 gold dragon scales to enter a
                  | treasure trove
 81562 | Trove    | Entered a treasure trove
 81578 | Trove    | Found the ring of Shadows {Umbra +Inv Stlth+}
 81598 | Trove    | Identified the ring "Jyckaseh" {rF+ rCorr Str+4}
 81617 | Trove    | Identified the +1 rapier of Pafie {venom, Dex+3}
 81618 | Trove    | Identified the +5 longbow of Patzyahui {speed, rF+ Str+4
                  | Dex+2}
 84126 | Zot:4    | Gained mutation: You occasionally shout uncontrollably at
                  | your foes. [mutagenic glow]
 84326 | Zot:4    | Found a shadowy altar of Dithmenos.
 84419 | Zot:4    | Noticed an orb of fire
 84428 | Zot:4    | Gained mutation: You frequently scream uncontrollably at
                  | your foes. [an orb of fire]
 84431 | Zot:4    | Gained mutation: Your body often deteriorates upon taking
                  | damage. [an orb of fire]
 84433 | Zot:4    | Killed an orb of fire
 84595 | Zot:4    | Acquired the Reference Book on Moulding and the Volcanoes
 84606 | Zot:4    | Learned a level 8 spell: Ignition
 84607 | Zot:5    | Entered Level 5 of the Realm of Zot
 85260 | Zot:5    | Noticed a dread lich
 85264 | Zot:5    | Killed a dread lich
 85325 | Zot:5    | Noticed a dread lich
 85332 | Zot:5    | Killed a dread lich
 85426 | Zot:5    | Noticed an ancient lich
 85439 | Zot:5    | Killed an ancient lich
 85802 | Zot:5    | Noticed an orb of fire
 85812 | Zot:5    | Noticed an orb of fire
 85815 | Zot:5    | Gained mutation: You are frail. (-10% HP) [an orb of fire]
 85823 | Zot:5    | Gained mutation: You are very frail. (-20% HP) [an orb of
                  | fire]
 85827 | Zot:5    | Gained mutation: You are very weak. (Str -4) [an orb of
                  | fire]
 85830 | Zot:5    | Gained mutation: Armour fits poorly on your strangely
                  | shaped body. [an orb of fire]
 85831 | Zot:5    | Gained mutation: Potions are less effective at restoring
                  | your health. [an orb of fire]
 85831 | Zot:5    | HP: 1/139 [orb of fire/bolt of fire (22)]
 85936 | Zot:4    | Lost mutation: You frequently scream uncontrollably at your
                  | foes. [potion of mutation]
 85936 | Zot:4    | Lost mutation: Your body often deteriorates upon taking
                  | damage. [potion of mutation]
 85936 | Zot:4    | Gained mutation: A frigid envelope surrounds you and
                  | freezes all who hurt you. [potion of mutation]
 85936 | Zot:4    | Gained mutation: You have a pair of small horns on your
                  | head. [potion of mutation]
 85937 | Zot:4    | Lost mutation: You are very weak. (Str -4) [potion of
                  | mutation]
 85937 | Zot:4    | Lost mutation: You are very frail. (-20% HP) [potion of
                  | mutation]
 85937 | Zot:4    | Lost mutation: Potions are less effective at restoring your
                  | health. [potion of mutation]
 85937 | Zot:4    | Gained mutation: You have a pair of horns on your head.
                  | [potion of mutation]
 85938 | Zot:4    | Lost mutation: A frigid envelope surrounds you and freezes
                  | all who hurt you. [potion of mutation]
 85938 | Zot:4    | Lost mutation: You have a pair of horns on your head.
                  | [potion of mutation]
 85938 | Zot:4    | Gained mutation: You have hidden genetic potential. [potion
                  | of mutation]
 85938 | Zot:4    | Gained mutation: You have a pair of horns on your head.
                  | [potion of mutation]
 85939 | Zot:4    | Lost mutation: Armour fits poorly on your strangely shaped
                  | body. [potion of mutation]
 85939 | Zot:4    | Lost mutation: You have hidden genetic potential. [potion
                  | of mutation]
 85939 | Zot:4    | Gained mutation: You frequently scream uncontrollably at
                  | your foes. [potion of mutation]
 85939 | Zot:4    | Lost mutation: You are weak. (Str -2) [potion of mutation]
 85986 | Zot:5    | Killed an orb of fire
 86114 | Zot:5    | Noticed an orb of fire
 86135 | Zot:5    | Noticed an orb of fire
 86554 | Zot:5    | Killed an orb of fire
 86624 | Zot:4    | Killed an orb of fire
 86666 | Zot:4    | Killed an orb of fire
 87047 | Zot:5    | Reached skill level 10 in Transmutations
 87106 | Zot:5    | Reached skill level 10 in Necromancy
 87382 | Hell     | Entered the Vestibule of Hell
 87382 | Hell     | Noticed Geryon
 87390 | Hell     | Killed Geryon
 87597 | Hell     | Found a gateway to the freezing wastes of Cocytus.
 87830 | Hell     | Found a gateway to the decaying netherworld of Tartarus.
 88038 | Hell     | Found a gateway to the ashen valley of Gehenna.
 88161 | Hell     | Found a gateway to the Iron City of Dis.
 88322 | Coc:1    | Entered Level 1 of Cocytus
 89736 | Coc:7    | Entered Level 7 of Cocytus
 90200 | Coc:7    | Identified the ring "Juteb" {Fly rElec}
 90200 | Coc:7    | Noticed Antaeus
 90256 | Coc:7    | Killed Antaeus
 90411 | Coc:7    | Got an icy rune of Zot
 90666 | Coc:7    | HP: 1/153 [shard shrike/shard of ice (44)]
 91007 | Coc:7    | Gained mutation: Your body often deteriorates upon taking
                  | damage. [mutagenic glow]
 91212 | Pan      | Entered Pandemonium
 91517 | Pan      | Identified the amulet of Zoerat {Acrobat Rampage rN+ Will++
                  | Slay-5}
 91618 | Pan      | Lost mutation: You have a pair of horns on your head.
                  | [potion of mutation]
 91618 | Pan      | Lost mutation: You are frail. (-10% HP) [potion of
                  | mutation]
 91618 | Pan      | Gained mutation: You have sharp fingernails. [potion of
                  | mutation]
 91618 | Pan      | Gained mutation: You are agile. (Dex +2) [potion of
                  | mutation]
 91619 | Pan      | Lost mutation: You are agile. (Dex +2) [potion of mutation]
 91619 | Pan      | Lost mutation: You have sharp fingernails. [potion of
                  | mutation]
 91619 | Pan      | Lost mutation: Your body often deteriorates upon taking
                  | damage. [potion of mutation]
 91619 | Pan      | Gained mutation: You are covered in fur. (AC +1) [potion of
                  | mutation]
 91620 | Pan      | Lost mutation: Your body sometimes deteriorates upon taking
                  | damage. [potion of mutation]
 91620 | Pan      | Lost mutation: You are covered in fur. (AC +1) [potion of
                  | mutation]
 91620 | Pan      | Gained mutation: You are partially covered in iridescent
                  | scales. (AC +2) [potion of mutation]
 91620 | Pan      | Gained mutation: You are occasionally teleported next to
                  | monsters. [potion of mutation]
 91620 | Pan      | Gained mutation: Your muscles are strong. (Str +2) [potion
                  | of mutation]
 91667 | Pan      | Noticed Odaykupt the pandemonium lord
 91667 | Pan      | Cast into level 5 of the Abyss (Odaykupt)
 91667 | Abyss:5  | Entered Level 5 of the Abyss
 91673 | Abyss:5  | Found a corrupted altar of Lugonu.
 91725 | Abyss:5  | Found a corrupted altar of Lugonu.
 91754 | Abyss:5  | Noticed an ancient lich
 91925 | Pan      | Escaped the Abyss
 91938 | Pan      | Killed Odaykupt the pandemonium lord
 92293 | Pan      | Got a demonic rune of Zot
 92989 | Pan      | Found an exit through the horrors of the Abyss.
 93209 | Pan      | Reached skill level 15 in Necromancy
 93282 | Pan      | Took an exit into the Abyss.
 93282 | Abyss:1  | Escaped into the Abyss
 93634 | Depths:2 | Escaped the Abyss
 93953 | Snake:3  | Bought a potion of heal wounds for 95 gold pieces
 93953 | Snake:3  | Bought a potion of haste for 190 gold pieces
 94007 | Snake:4  | Bought a scroll of blinking for 120 gold pieces
 94007 | Snake:4  | Bought a scroll of fog for 32 gold pieces
 94007 | Snake:4  | Bought a scroll of teleportation for 48 gold pieces
 94007 | Snake:4  | Bought a scroll of teleportation for 48 gold pieces
 94341 | Zig:1    | Entered Level 1 of a ziggurat
 94349 | Zig:1    | Reached skill level 15 in Transmutations
 94412 | Zig:2    | Entered Level 2 of a ziggurat
 94436 | Zig:2    | Identified the +4 hunting sling of Demonkind {flame, Will+
                  | Int+9 Dex+4}
 94569 | Zig:3    | Entered Level 3 of a ziggurat
 94572 | Zig:3    | Noticed Huojavof the pandemonium lord
 94576 | Zig:3    | Killed Huojavof the pandemonium lord
 94678 | Zig:4    | Entered Level 4 of a ziggurat
 94744 | Zig:4    | Identified the +10 rapier "Qaedeow" {antimagic, *Rage rCorr
                  | Str+6 Stlth+}
 94748 | Zig:4    | Identified the amulet "Pequr" {Faith rPois Stlth+}
 94910 | Zig:5    | Entered Level 5 of a ziggurat
 95005 | Zig:5    | Identified the +7 hunting sling "Luasamod" {vorpal, Fly
                  | rPois}
 95014 | Zig:6    | Entered Level 6 of a ziggurat
 95021 | Zig:6    | Noticed Dyeciwnal the pandemonium lord
 95043 | Zig:6    | Killed Dyeciwnal the pandemonium lord
 95198 | Zig:6    | Identified the +9 morningstar of Brawling {freeze, Fragile
                  | Will+ Dex+4}
 95208 | Zig:6    | Acquired the +2 hat "Damnable Contraption" {Str+4}
 95244 | Zig:7    | Entered Level 7 of a ziggurat
 95249 | Zig:7    | Found the +10 tower shield of Ignorance {rN+ Int-4}
 95325 | Zig:8    | Entered Level 8 of a ziggurat
 95331 | Zig:8    | Noticed Rygu the pandemonium lord
 95350 | Zig:8    | HP: 7/183 [demonspawn blood saint/fireball (11)]
 95362 | Zig:8    | Killed Rygu the pandemonium lord
 95374 | Zig:8    | Gained mutation: Your body sometimes deteriorates upon
                  | taking damage. [mutagenic glow]
 95434 | Zig:8    | Identified the +1 chain mail of the Scribe {Fly Dex+4}
 95448 | Zig:8    | Lost mutation: Your muscles are strong. (Str +2) [potion of
                  | mutation]
 95448 | Zig:8    | Lost mutation: You are partially covered in iridescent
                  | scales. (AC +2) [potion of mutation]
 95448 | Zig:8    | Gained mutation: Your body often deteriorates upon taking
                  | damage. [potion of mutation]
 95458 | Zig:9    | Entered Level 9 of a ziggurat
 95466 | Zig:9    | Found the +18 shield of the Gong {rElec rN+ Will+ EV-5}
 95466 | Zig:9    | Found the brooch of Shielding {Spirit SH+8}
 95468 | Zig:9    | Found the amulet of the Air {Inacc Air Fly rElec RMsl}
 95504 | Zig:9    | Identified the +7 flail of the Sage {speed, rC+ MP+9 Dex+4}
 95586 | Zig:10   | Entered Level 10 of a ziggurat
 95592 | Zig:10   | Noticed Juorets the pandemonium lord
 95599 | Zig:10   | Killed Juorets the pandemonium lord
 95609 | Zig:10   | Identified the ring "Gepsu" {rC- rN+ Str+3 Int+6}
 95622 | Zig:10   | Identified the +6 glaive of Tevvaj {vamp, rC+ Str+2}
 95730 | Zig:11   | Entered Level 11 of a ziggurat
 95741 | Zig:11   | Killed an ancient lich
 95742 | Zig:11   | Noticed an ancient lich
 95745 | Zig:11   | Killed an ancient lich
 95839 | Zig:12   | Entered Level 12 of a ziggurat
 95852 | Zig:12   | Noticed Xinotom the pandemonium lord
 95856 | Zig:12   | Killed Xinotom the pandemonium lord
 95956 | Zig:12   | Identified the +3 robe "Jigoug" {rC+}
 95996 | Zig:13   | Entered Level 13 of a ziggurat
 96004 | Zig:13   | Killed a royal mummy
 96006 | Zig:13   | Noticed a royal mummy
 96008 | Zig:13   | Killed a royal mummy
 96009 | Zig:13   | Noticed a royal mummy
 96009 | Zig:13   | Noticed a royal mummy
 96010 | Zig:13   | Killed a royal mummy
 96012 | Zig:13   | Killed a royal mummy
 96021 | Zig:13   | Identified the +8 lajatang "Cere Pieclott" {speed, Stlth+}
 96048 | Zig:13   | Lost mutation: You are occasionally teleported next to
                  | monsters. [potion of mutation]
 96048 | Zig:13   | Lost mutation: Your body often deteriorates upon taking
                  | damage. [potion of mutation]
 96048 | Zig:13   | Lost mutation: You have a pair of small horns on your head.
                  | [potion of mutation]
 96048 | Zig:13   | Gained mutation: You are robust. (+10% HP) [potion of
                  | mutation]
 96048 | Zig:13   | Gained mutation: You have hidden genetic defects. [potion
                  | of mutation]
 96049 | Zig:13   | Lost mutation: You frequently scream uncontrollably at your
                  | foes. [potion of mutation]
 96049 | Zig:13   | Lost mutation: Your body sometimes deteriorates upon taking
                  | damage. [potion of mutation]
 96049 | Zig:13   | Lost mutation: You are robust. (+10% HP) [potion of
                  | mutation]
 96049 | Zig:13   | Gained mutation: You are partially covered in iridescent
                  | scales. (AC +2) [potion of mutation]
 96077 | Zig:14   | Entered Level 14 of a ziggurat
 96095 | Zig:14   | Found the +8 Vampire's Tooth {vamp}
 96110 | Zig:14   | Identified the ring "Hegaugu" {Will+ Int+6 Dex-2 Stlth+}
 96131 | Zig:14   | Lost mutation: You have hidden genetic defects. [potion of
                  | mutation]
 96131 | Zig:14   | Lost mutation: You occasionally shout uncontrollably at
                  | your foes. [potion of mutation]
 96131 | Zig:14   | Lost mutation: You are partially covered in iridescent
                  | scales. (AC +2) [potion of mutation]
 96131 | Zig:14   | Gained mutation: You are dopey. (Int -2) [potion of
                  | mutation]
 96131 | Zig:14   | Gained mutation: You have a pair of small antennae on your
                  | head. [potion of mutation]
 96162 | Zig:15   | Entered Level 15 of a ziggurat
 96217 | Zig:15   | Got the Papyrus of Twisted Contamination
 96309 | Zig:16   | Entered Level 16 of a ziggurat
 96344 | Zig:16   | Got the Collected Works on Floating Confrontation
 96397 | Zig:17   | Entered Level 17 of a ziggurat
 96404 | Zig:17   | Noticed Yqois the pandemonium lord
 96404 | Zig:17   | Noticed Caenero the pandemonium lord
 96405 | Zig:17   | Noticed Qodghywke the pandemonium lord
 96406 | Zig:17   | Killed Yqois the pandemonium lord
 96409 | Zig:17   | Killed Caenero the pandemonium lord
 96412 | Zig:17   | Killed Qodghywke the pandemonium lord
 96424 | Zig:17   | Identified the ring of the Thieving King {rC+ rN+++ rCorr
                  | Str-3 Dex+6}
 96428 | Zig:17   | Identified the +9 hand crossbow of the Shouting Goat
                  | {flame, rPois}
 96432 | Zig:17   | Identified the +3 scythe of the Tundras {venom, rF- rCorr
                  | Str+4 Int+4}
 96440 | Zig:17   | Identified the +0 pair of gloves of the Centipede {Dex+3}
 96442 | Zig:17   | Identified the +2 ring mail "Susay" {rPois rN+}
 96447 | Zig:17   | Identified the +9 longbow "Lifebane" {venom, rPois rF+
                  | Will- Str+4}
 96494 | Zig:18   | Entered Level 18 of a ziggurat
 96499 | Zig:18   | Noticed a royal mummy
 96503 | Zig:18   | Noticed a royal mummy
 96504 | Zig:18   | Killed a royal mummy
 96508 | Zig:18   | Killed a royal mummy
 96513 | Zig:18   | Noticed a royal mummy
 96516 | Zig:18   | Killed a royal mummy
 96576 | Zig:18   | Identified the +7 mace of the Traitor {venom, Stlth+}
 96605 | Zig:18   | Identified the +11 rapier "Ysautuek" {protect, Will+ rCorr}
 96657 | Zig:19   | Entered Level 19 of a ziggurat
 96693 | Zig:19   | Identified the amulet of Deoh {Faith Rampage +Blink rC++}
 96696 | Zig:19   | Identified the amulet "Irugyrr" {Harm Regen+}
 96707 | Zig:19   | Identified the ring "Neraop" {rElec rF- Dex+3 SInv}
 96732 | Zig:19   | Lost mutation: You have a pair of small antennae on your
                  | head. [potion of mutation]
 96732 | Zig:19   | Lost mutation: You are dopey. (Int -2) [potion of mutation]
 96732 | Zig:19   | Gained mutation: You possess an exceptional clarity of
                  | mind. [potion of mutation]
 96770 | Zig:20   | Entered Level 20 of a ziggurat
 96849 | Zig:20   | Identified the +5 shortbow of the Whelk {venom, Fragile rC+
                  | Dex+4}
 96958 | Zig:20   | Identified the +1 robe of Ycrin {rC+ Str+3}
 96984 | Zig:21   | Entered Level 21 of a ziggurat
 96997 | Zig:21   | Noticed a juggernaut
 96997 | Zig:21   | Noticed a juggernaut
 96997 | Zig:21   | Noticed a juggernaut
 96999 | Zig:21   | Noticed a juggernaut
 96999 | Zig:21   | Noticed a juggernaut
 97000 | Zig:21   | Killed a juggernaut
 97001 | Zig:21   | Killed a juggernaut
 97001 | Zig:21   | Killed a juggernaut
 97002 | Zig:21   | Killed a juggernaut
 97003 | Zig:21   | Noticed a juggernaut
 97004 | Zig:21   | Noticed a juggernaut
 97005 | Zig:21   | Killed a juggernaut
 97005 | Zig:21   | Killed a juggernaut
 97006 | Zig:21   | Killed a juggernaut
 97067 | Zig:21   | Got the Guide on Icy Attacks
 97116 | Zig:21   | Identified the +0 chain mail "Korchale" {rF+ Slay+5}
 97126 | Zig:22   | Entered Level 22 of a ziggurat
 97140 | Zig:22   | Noticed Duck the pandemonium lord
 97146 | Zig:22   | Killed Duck the pandemonium lord
 97298 | Zig:22   | Identified the +4 glaive of Tenacity {vorpal, rF+}
 97300 | Zig:22   | Identified the ring of Qebun {rElec rC+ Str+4 Dex+3}
 97302 | Zig:22   | Identified the ring "Sirouw" {Int+3 Slay+4}
 97325 | Zig:22   | Identified the +6 leather armour "Tiol" {rC++ rCorr Str+4}
 97354 | Zig:23   | Entered Level 23 of a ziggurat
 97367 | Zig:23   | Noticed a dread lich
 97370 | Zig:23   | Killed a dread lich
 97379 | Zig:23   | Noticed a dread lich
 97381 | Zig:23   | Killed a dread lich
 97389 | Zig:23   | Found the +2 Maxwell's thermic engine {flame, freeze}
 97539 | Zig:23   | Identified the ring "Enkogufe" {rC+ AC+4 Dex+3}
 97558 | Zig:23   | Identified the +2 robe "Kejobla" {Stlth+}
 97563 | Zig:23   | Identified the +5 flail of Debt {vorpal, *Noise rF+ Dex+4}
 97600 | Zig:23   | Identified the +5 double sword of Arrival {flame, rElec}
 97602 | Zig:23   | Identified the +2 dagger of War {vorpal, rElec rN+++ Int+5
                  | Stlth-}
 97619 | Zig:23   | Learned a level 9 spell: Polar Vortex
 97635 | Zig:24   | Entered Level 24 of a ziggurat
 97870 | Zig:24   | Identified the ring "Goith" {rN+ Dex+2 Slay+3}
 97872 | Zig:24   | Identified the amulet "Saemec" {Spirit Str+5}
 97882 | Zig:24   | Identified the amulet of the Past {Spirit rPois Str+4
                  | Int+3}
 97905 | Zig:24   | Identified the ring "Agram" {MP+9 SInv}
 97910 | Zig:24   | Identified the ring "Zyhaynk" {Ice rElec}
 97935 | Zig:24   | Identified the +9 great mace of the Shining Light {freeze,
                  | rElec}
 97976 | Zig:25   | Entered Level 25 of a ziggurat
 97989 | Zig:25   | Reached skill level 27 in Armour
 98203 | Zig:25   | Found the amulet of Vitality {Regen+ HP+15}
 98208 | Zig:25   | Got the Incunabulum of Ensnaring Lightness
 98215 | Zig:25   | Identified the ring "Nock" {rN+ Str+4 Int+6 Dex-5}
 98298 | Zig:26   | Entered Level 26 of a ziggurat
 98494 | Zig:26   | Identified the ring "Aterr" {Wiz Str-2 Int+6}
 98496 | Zig:26   | Identified the +1 robe "Yqej" {+Blink rC+ Will+}
 98501 | Zig:26   | Identified the -2 pair of boots "Filuiv" {Drain Will+
                  | Dex+4}
 98553 | Zig:26   | Identified the +8 rapier of Cheibriados's Hatred {freeze,
                  | rC+ rN+ Dex+4 SInv}
 98564 | Zig:26   | Identified the +8 short sword of the Key {flame, *Rage
                  | rPois rN+++ Dex+2}
 98568 | Zig:26   | Identified the +10 chain mail of Lifelessness {Fly Dex+3}
 98577 | Zig:27   | Entered Level 27 of a ziggurat
 98679 | Zig:27   | Identified the ring of Satisfaction {Wiz +Blink rCorr}
 98739 | Zig:27   | Acquired 819 gold pieces
 98750 | Zig:27   | Identified the +0 robe of Plasticity {rElec}
 98752 | Zig:27   | Identified the +10 battleaxe of the Ancient Hells {freeze,
                  | Drain rPois Str+2 SInv}
 98754 | Zig:27   | Identified the +5 hand axe "Latop" {vorpal, rF+ Int-2
                  | Dex+2}
 98991 | Dis:1    | Entered Level 1 of the Iron City of Dis
101787 | Dis:7    | Entered Level 7 of the Iron City of Dis
102820 | Dis:7    | Gained mutation: Armour fits poorly on your strangely
                  | shaped body. [mutagenic glow]
103341 | Dis:7    | Identified the +11 morningstar "Cookie Cutter" {flame,
                  | Fragile rC+ rCorr}
103831 | Dis:7    | Identified the ring "Enian" {Str+6 Int-2 Slay+5}
103843 | Dis:7    | Identified the +1 leather armour "Rybrom" {Harm *Slow rElec
                  | rCorr}
103863 | Dis:7    | Identified the ring "Fuipuik" {rCorr Str+6}
104303 | Dis:7    | Found the +4 staff of Dispater
104303 | Dis:7    | Noticed Dispater
104690 | Dis:7    | Killed Dispater
104751 | Dis:7    | Identified the +1 scale mail "Zoomer" {Slay+2}
104780 | Dis:7    | Got an iron rune of Zot
105002 | Zig:1    | Entered Level 1 of a ziggurat
105002 | Zig:1    | Noticed Ufunwut the pandemonium lord
105008 | Zig:1    | Killed Ufunwut the pandemonium lord
105145 | Zig:2    | Entered Level 2 of a ziggurat
105146 | Zig:2    | Noticed Beveomm the pandemonium lord
105150 | Zig:2    | Killed Beveomm the pandemonium lord
105315 | Zig:3    | Entered Level 3 of a ziggurat
105483 | Zig:4    | Entered Level 4 of a ziggurat
105553 | Zig:5    | Entered Level 5 of a ziggurat
105557 | Zig:5    | Noticed Qettus the pandemonium lord
105561 | Zig:5    | Killed Qettus the pandemonium lord
105585 | Zig:5    | Identified the +8 flail of Melee {pain, Str+3 Int+2}
105606 | Zig:6    | Entered Level 6 of a ziggurat
105609 | Zig:6    | Found the +10 Black Knight's barding {ponderous, rPois rN+}
105611 | Zig:6    | Reached skill level 27 in Spellcasting
105614 | Zig:6    | Found the amulet of the Four Winds {rN+ Will+++ Clar}
105620 | Zig:6    | Identified the +2 trident "Xeshuikloh" {drain, rElec Str+3
                  | Int-5 Dex+4}
105637 | Zig:6    | Identified the +5 glaive of Pain and Death {elec, rElec
                  | Will+ Dex+3}
105663 | Zig:7    | Entered Level 7 of a ziggurat
105766 | Zig:7    | Got Ludoi's Collected Works on the Frigorific Volcanoes
105767 | Zig:7    | Identified the +5 short sword of Ignis's Delight {freeze,
                  | Stlth+}
105805 | Zig:8    | Entered Level 8 of a ziggurat
105839 | Zig:8    | Identified the +1 robe "Jast" {rPois Int+4}
105849 | Zig:9    | Entered Level 9 of a ziggurat
105905 | Zig:9    | Identified the +2 great sword of Noxious Cruel Justice
                  | {vorpal, Contam Str+8}
105930 | Zig:10   | Entered Level 10 of a ziggurat
105962 | Zig:10   | Paralysed by a wendigo for 1 turns
105974 | Zig:10   | Identified the +1 arbalest "Sutiocre" {venom, rC++ Will+
                  | Str-5 Dex-5}
105993 | Zig:10   | Identified the +5 rapier of Disorder {vorpal, rF+ Will+}
105999 | Zig:10   | Identified the +7 shortbow of the Radish {venom, rElec
                  | rPois rF++ Str+2}
106002 | Zig:11   | Entered Level 11 of a ziggurat
106015 | Zig:11   | Found the +3 hat of Pondering {ponderous, Will+ MP+10
                  | Int+5}
106057 | Zig:11   | Identified the +6 scale mail "Xoacsathria" {rPois Str+2
                  | Int+2 SInv}
106073 | Zig:12   | Entered Level 12 of a ziggurat
106087 | Zig:12   | Reached skill level 27 in Fire Magic
106100 | Zig:12   | Identified the ring "Ilules" {Will+ SInv}
106115 | Zig:12   | Identified the +4 bardiche of the Yoke {antimagic, +Blink
                  | rPois Int+3}
106119 | Zig:12   | Identified the ring "Emoo" {rElec Dex+3 SInv}
106123 | Zig:12   | Identified the +4 dire flail "Ucoezul" {freeze, rCorr
                  | Int+4}
106149 | Zig:13   | Entered Level 13 of a ziggurat
106189 | Zig:13   | Identified the ring of the Cast Vote {rPois Int+5}
106198 | Zig:13   | Identified the +2 shortbow of Eye-covered Defiance {flame,
                  | rN+ Will+ rCorr Dex+3}
106246 | Zig:14   | Entered Level 14 of a ziggurat
106291 | Zig:14   | Identified the +1 acid dragon scales of Mezcal {rCorr Int+5
                  | Slay+3}
106293 | Zig:14   | Got the Disquisition on Necromancy
106329 | Zig:14   | Identified the +0 robe of Deussum {rPois Dex+4}
106337 | Zig:15   | Entered Level 15 of a ziggurat
106351 | Zig:15   | Reached skill level 27 in Earth Magic
106362 | Zig:15   | Found the dreamshard necklace {*Dream Drain}
106370 | Zig:15   | Identified the ring of Ebettyom {Fire rElec Will++ Str-2
                  | SInv}
106414 | Zig:16   | Entered Level 16 of a ziggurat
106428 | Zig:16   | Noticed a juggernaut
106432 | Zig:16   | Killed a juggernaut
106449 | Zig:16   | Found the +8 glaive of the Guard {elec, spectral, AC+5}
106596 | Zig:16   | Identified the +6 scale mail of Analysis {Str-4 Dex+4}
106604 | Zig:17   | Entered Level 17 of a ziggurat
106694 | Zig:17   | Identified the ring of the Death Scarab {Contam AC+4 Dex+4
                  | Stlth+}
106699 | Zig:17   | Identified the amulet of Ovall {Reflect *Slow rCorr Str+8
                  | Dex+3 SH+5}
106705 | Zig:17   | Identified the amulet "Saffis" {Acrobat rN+ Will+}
106720 | Zig:17   | Identified the +6 falchion "Kocep" {chaos, rCorr Stlth+}
106781 | Zig:18   | Entered Level 18 of a ziggurat
106824 | Zig:18   | Identified the ring "Ladaijosme" {rN+ Str-4 Int+8 Dex+6}
106920 | Zig:19   | Entered Level 19 of a ziggurat
106932 | Zig:19   | Noticed Adgho the pandemonium lord
106940 | Zig:19   | Noticed Marroc the pandemonium lord
106940 | Zig:19   | Noticed Medulut the pandemonium lord
106942 | Zig:19   | Killed Adgho the pandemonium lord
106943 | Zig:19   | Noticed Sacuxziymn the pandemonium lord
106943 | Zig:19   | Noticed Geokug the pandemonium lord
106945 | Zig:19   | Noticed Zutze the pandemonium lord
106955 | Zig:19   | Noticed Docs the pandemonium lord
106956 | Zig:19   | Noticed Ympefef the pandemonium lord
106956 | Zig:19   | Noticed Xexosis the pandemonium lord
106959 | Zig:19   | Killed Sacuxziymn the pandemonium lord
106960 | Zig:19   | Killed Geokug the pandemonium lord
106960 | Zig:19   | Noticed Zoddozypt the pandemonium lord
106961 | Zig:19   | Killed Docs the pandemonium lord
106962 | Zig:19   | Killed Medulut the pandemonium lord
106963 | Zig:19   | Killed Ympefef the pandemonium lord
106965 | Zig:19   | Killed Zutze the pandemonium lord
106965 | Zig:19   | Killed Marroc the pandemonium lord
106971 | Zig:19   | Killed Zoddozypt the pandemonium lord
106982 | Zig:19   | Killed Xexosis the pandemonium lord
107081 | Zig:19   | Identified the +4 dire flail "His Coreus" {freeze, Int+2}
107087 | Zig:19   | Identified the +1 plate armour of the Land of Plenty
                  | {+Blink Str+5}
107116 | Zig:19   | Identified the +6 executioner's axe of Nitixuna {drain,
                  | *Slow rElec rN+ rCorr}
107122 | Zig:19   | Identified the +3 chain mail "Zehacloj" {*Slow rPois rC+
                  | Stlth+}
107127 | Zig:19   | Identified the +0 hat of Melancholy {Fly Regen+}
107130 | Zig:19   | Identified the +0 cloak of Inviolability {Str+3}
107159 | Zig:19   | Learned a level 8 spell: Borgnjor's Revivification
107174 | Zig:20   | Entered Level 20 of a ziggurat
107192 | Zig:20   | Reached skill level 27 in Shields
107269 | Zig:20   | Identified the +1 long sword of Abuse {protect, Will+}
107372 | Zig:21   | Entered Level 21 of a ziggurat
107408 | Zig:21   | Reached skill level 27 in Conjurations
107423 | Zig:21   | Found the +2 shield of Resistance {rF++ rC++ Will++}
107470 | Zig:22   | Entered Level 22 of a ziggurat
107532 | Zig:22   | Reached skill level 27 in Fighting
107560 | Zig:22   | Found the +8 orange crystal plate armour {Archmagi, Int+3
                  | Clar}
107567 | Zig:22   | Identified the +10 flail "Locs" {drain, rC++ rCorr}
107568 | Zig:22   | Identified the +9 mace "Useraluz" {vorpal, Str+6 Int-3}
107636 | Zig:23   | Entered Level 23 of a ziggurat
107646 | Zig:23   | Noticed a royal mummy
107648 | Zig:23   | Noticed a royal mummy
107649 | Zig:23   | Noticed a royal mummy
107650 | Zig:23   | Noticed a royal mummy
107651 | Zig:23   | Killed a royal mummy
107651 | Zig:23   | Killed a royal mummy
107655 | Zig:23   | Killed a royal mummy
107655 | Zig:23   | Noticed a royal mummy
107655 | Zig:23   | Noticed a royal mummy
107656 | Zig:23   | Killed a royal mummy
107658 | Zig:23   | Killed a royal mummy
107659 | Zig:23   | Killed a royal mummy
107661 | Zig:23   | Noticed a royal mummy
107661 | Zig:23   | Noticed a royal mummy
107663 | Zig:23   | Noticed a royal mummy
107664 | Zig:23   | Killed a royal mummy
107664 | Zig:23   | Killed a royal mummy
107664 | Zig:23   | Noticed a royal mummy
107665 | Zig:23   | Killed a royal mummy
107665 | Zig:23   | Killed a royal mummy
107670 | Zig:23   | Noticed a royal mummy
107672 | Zig:23   | Killed a royal mummy
107673 | Zig:23   | Noticed a royal mummy
107674 | Zig:23   | Killed a royal mummy
107778 | Zig:23   | Found the +5 scythe "Finisher" {speed, eviscerate}
107786 | Zig:23   | Identified the amulet of New Discoveries {Contam Will+
                  | Regen+ Str+3}
107789 | Zig:23   | Identified the ring "Vugiciny" {rF+ rC- rN+ rCorr SInv}
107822 | Zig:23   | Identified the +1 whip "Vickityonu" {speed, rPois}
107831 | Zig:23   | Identified the +6 hand crossbow of Qaoba {flame, Will-
                  | Int+6 Dex+2}
107852 | Zig:24   | Entered Level 24 of a ziggurat
107931 | Zig:24   | Identified the ring "Juntusex" {Str-3 Dex+5 SInv}
107953 | Zig:24   | Identified the +0 pair of boots of Temperance {+Blink}
107986 | Zig:25   | Entered Level 25 of a ziggurat
108089 | Zig:25   | Found the +6 lightning scales {swift, rElec}
108111 | Zig:25   | Identified the +8 hand axe of Okawaru's Pride {freeze, rF+
                  | rN+ Int+2}
108119 | Zig:25   | Identified the ring of Jiamad {Fly rN+ Int+3 Stlth+}
108129 | Zig:25   | Identified the ring of the Unkillable {rC+ rN+ Will+}
108133 | Zig:25   | Identified the +7 double sword "Becauhul" {pain, rF++
                  | Stlth-}
108135 | Zig:25   | Identified the +2 robe of Articulation {rElec rC+ Str+4
                  | Int-2}
108136 | Zig:25   | Identified the +1 executioner's axe of Bodwiasi {vorpal,
                  | rCorr}
108137 | Zig:25   | Identified the +1 hand axe of Noczohar {flame, rF+ rC+}
108174 | Zig:26   | Entered Level 26 of a ziggurat
108217 | Zig:26   | Found the +3 sling "Punk" {acid, rCorr}
108230 | Zig:26   | Identified the +1 pearl dragon scales of Baoschiam {rC+ rN+
                  | Regen+ Str+4}
108231 | Zig:26   | Identified the +6 arbalest "Muwnuh" {elec, Str+3}
108262 | Zig:26   | Identified the +6 spear "Liogrean" {elec, Drain rElec Dex+4
                  | SInv}
108278 | Zig:27   | Entered Level 27 of a ziggurat
108336 | Zig:27   | Identified the +1 long sword of Capital Punishment {vorpal,
                  | rPois rN++ Stlth+}
108340 | Zig:27   | Identified the amulet "Poschuwn" {Reflect rElec rCorr Str+2
                  | SH+5}
108355 | Zig:27   | Identified the +6 great sword "Ystyisuk" {flame, Will+}
108366 | Zig:27   | Identified the +8 mace of Youthful Indiscretion {antimagic,
                  | Dex+4}
108377 | Zig:27   | Identified the ring "Tosmiav" {rC+ Str+7}
108381 | Zig:27   | Identified the +1 leather armour of Osaxzies {Contam Will++
                  | Int+2}
108383 | Zig:27   | Identified the ring of Enetiwk {rElec rPois rC+}
108569 | Tar:1    | Entered Level 1 of Tartarus
108569 | Tar:1    | You are sucked into a shaft and drop 1 floor!
108569 | Tar:2    | Noticed a dread lich
108571 | Tar:2    | Paralysed by something for 3 turns
108574 | Tar:2    | Killed a dread lich
110293 | Tar:5    | Noticed a juggernaut
110297 | Tar:5    | Killed a juggernaut
110308 | Tar:5    | Noticed a juggernaut
110314 | Tar:5    | Killed a juggernaut
110314 | Tar:5    | Noticed a juggernaut
110318 | Tar:5    | Killed a juggernaut
110322 | Tar:5    | Noticed a juggernaut
110325 | Tar:5    | Noticed a juggernaut
110326 | Tar:5    | Killed a juggernaut
110334 | Tar:5    | Killed a juggernaut
110524 | Tar:6    | HP: 7/199 [Tzitzimitl/dispel undead[a doom hound] (28)]
110525 | Tar:6    | Slain by a bone dragon

Illustrated notes

Levels and vault maps discovered:
D:1:      dpeg_arrival_short_road, layout_loops_cross
D:2:      layout_loops_ring, basic_altar, hellmonk_ecumenical_altar_slurped_away
D:3:      layout_rooms, mainiacjoe_overflow_24_doors
D:4:      layout_basic, minitemple, minmay_temple_entry_sparse_star,
          serial_forest, infiniplex_forest_fountain,
          infiniplex_forest_clump_curved, infiniplex_forest_corner_1,
          infiniplex_forest_clump_medium, infiniplex_forest_straight_1,
          infiniplex_forest_diagonal, infiniplex_forest_end_3,
          infiniplex_forest_clump_tiny, infiniplex_forest_lined_room_2
D:5:      layout_layer_cave, nicolae_sif_muna_little_library
D:6:      layout_loops_ring, uniq_menkaure
D:7:      layout_loops_ring, lemuel_mausoleum_altar_yredelemnul,
          item_on_display_a, uniq_duvessa, uniq_harold
D:8:      layout_layer_cave, uniq_maggie
D:9:      layout_long_grid, trog_wizard, tso_oasis_becter,
          gammafunk_ghost_smash, serial_undead, serial_undead_e,
          serial_undead_f, serial_undead_d, serial_undead_c, serial_undead_b,
          serial_undead_c, serial_undead_b, chequers_big_river, minivault_16
D:10:     layout_irregular_city, lemuel_tele_altar,
          nicolae_uskayaw_murder_on_the_dancefloor, david_orc_4, enter_trove_3,
          grunt_decor_fettered, hangedman_misty_isle
D:11:     layout_rooms, lair_entry_dummy, maelrawn_ghost_gauntlet_escape,
          dk_vineyard_2, amcnicky_mini_pool_small, minmay_misc_feat_plants,
          minmay_puff
D:12:     layout_roguey, nicolae_stop_n_shop_1, uniq_maurice
D:13:     layout_irregular_city, minivault_24, lemuel_flamethrower_1
D:14:     layout_rooms, skrybe_vaults_entry_preservation,
          chequers_serial_rivers_large_b
D:15:     gammafunk_enter_depths_forms, layout_layer_cave, gammafunk_ghost_icy,
          chequers_serial_rivers_micro_d, st_stairs_10
Temple:   chequers_temple_sunken
Lair:1:   layout_small_grid, lemuel_fruit_fields
Lair:2:   layout_long_grid, dummy_snake_entry, gauntlet_entry_generic,
          special_room [special_room_bee], chequers_serial_rivers_micro_a,
          beast_lair_carwin_7
Lair:3:   layout_roguey, palyth_hydra_swamp_entry, nzn_ghost_randoct,
          uniq_nergalle, uniq_snorg
Lair:4:   layout_roguey, portal_ice_cave_entry_ice_simulacra,
          serial_bayou_lake_a, grunt_megastairs_5, uniq_sonja
Lair:5:   dreamdust_labyrinth, layout_hall_layers
Lair:6:   evil_forest, layout_regular_city, minmay_slime_entry_oklob_open,
          infiniplex_staircase_pool, uniq_kirke
Swamp:1:  layout_basic_swamp, evilmike_swamp_ruin_house_3
Swamp:2:  layout_basic_swamp, evilmike_swamp_ruin_rubble_2,
          nicolae_swamp_spooky_pond
Swamp:3:  layout_falls_marsh, nicolae_swamp_dense_foliage, swamp_pool5
Swamp:4:  swamp_basic_johnstein, layout_basic_swamp, swamp_pool1
Snake:1:  layout_grid_shapes, minmay_shop_grove, serial_bayou_shore_a,
          uniq_asterion
Snake:2:  nicolae_snake_shooting_gallery, layout_cave_pods, special_room,
          grunt_megastairs_2
Snake:3:  layout_grid_shapes, serial_shops, shop_statue, lemuel_fruit_tree,
          minmay_shoptagon, uniq_vashnia, uniq_aizul, uniq_mara
Snake:4:  snake_pit_salamanders_mu, layout_misc_corridors, basic_altar,
          serial_shops, shop, shop, shop, minmay_shop_star, uniq_louise
Orc:1:    layout_caves, nicolae_orc_pool_cavern, lightli_church_of_beogh
Orc:2:    pf_orc_diabolical, layout_caves, serial_shops, nicolae_shop_trees,
          mines2_david, uniq_josephine, uniq_urug
Elf:1:    layout_loops_cross, kennysheep_underground_church,
          nicolae_shop_gadgets
Elf:2:    elven_hall_of_blades_hangedman_original [grunt_blade_entry_basic],
          layout_geoelf_octagon
Elf:3:    minmay_elf_hall_furrowed, layout_geoelf_diagonals, serial_shops, shop
Vaults:1: v_pattern_4, v_misc_4, nicolae_vaults_back_hallway,
          nicolae_vaults_little_squares_6, vaults_room_fancy_cross,
          nicolae_vaults_what_the_h, v_misc_11, grunt_vaults_swirl,
          ontoclasm_vaults_misaligned, layout_vaults_omnigrid
Vaults:2: gammafunk_ghost_necromancy, vaults_room_large_hall,
          minmay_crypt_entry_simple_round, ontoclasm_vaults_chip,
          nicolae_vaults_network_star, vaults_dpeg_doors,
          nicolae_vaults_network_barrier, vaults_mumra_bighexcomb,
          nicolae_vaults_twisting_passages, ontoclasm_vaults_claustrophobia,
          vaults_dpeg_diagonal, nicolae_vaults_little_squares_6,
          vaults_mumra_minichess, vaults_dpeg_cross, ontoclasm_vaults_chip,
          layout_vaults_omnibox, uniq_margery, uniq_xtahua
Vaults:3: nicolae_vaults_little_squares_1, dpeg_vaults_monster_box,
          nicolae_vaults_puzzle_piece, v_alt_pattern_3, vaults_room_fours,
          v_misc_5, nicolae_vaults_specimen_jars, grunt_vaults_twisty,
          hangedman_vaults_restitches, door_vault, ontoclasm_vaults_ring_small,
          layout_vaults_maze_snakey, serial_shops, nicolae_shop_stone
Vaults:4: nicolae_vaults_quartermaster, vaults_standard_mumra_enter_the_diamond,
          ontoclasm_vaults_tryst, vaults_dpeg_spiral, vaults_room_boxed,
          nicolae_vaults_three_branches, vaults_room_door_ring,
          layout_vaults_chaotic_city
Vaults:5: uniq_mennas
Crypt:1:  layout_misc_corridors, grunt_crypt_arrival_webbed, grunt_megastairs_3
Crypt:2:  layout_gridlike, hex_large, minivault_24, lemuel_upstairs_altar,
          uniq_boris
Crypt:3:  grunt_crypt_end_deaths_head
Depths:1: layout_honeycomb, grunt_pan_entry_in_and_out, hell_entry,
          serial_sigils_hangedman_snap, nicolae_hepliaklqana_hazy_memory,
          serial_bayou_shore_b
Depths:2: grunt_forest_end_winery, layout_gridlike, enter_ziggurat_a,
          minmay_room_of_horrors, hell_entry, nicolae_wu_jian_wuxing_cycle,
          pan_entry, serial_bayou_shore_b, infiniplex_staircase_spiral
Depths:3: kennysheep_six_static_rooms, layout_gridville, hellmouth_1,
          abyss_entry, minmay_serpent_palace, minmay_staircase_statues
Depths:4: evilmike_zot_entry_basic, layout_gridlike, hell_entry,
          hangedman_abyss_entry_splay, evilmike_ruin_ashenzari,
          nicolae_qazlal_general_emergency
Hell
Dis:1:    layout_overlapping_boxes, nrook_loot_triangle
Dis:2:    layout_gridville
Dis:3:    layout_subdivisions, nicolae_dis_distal_crystal
Dis:4:    layout_subdivisions, nicolae_hells_fiendish_ambush
Dis:5:    layout_gridville
Dis:6:    layout_subdivisions
Dis:7:    iron_city_of_dis [dis_old, dis_wall_5], layout_gridville
Coc:1:    layout_cocytus_water_paths
Coc:2:    layout_cocytus_delve
Coc:3:    layout_cocytus_water_paths
Coc:4:    layout_cocytus_water_paths, serial_ice
Coc:5:    layout_cocytus_water_paths
Coc:6:    layout_cocytus_water_paths
Coc:7:    coc_grunt
Tar:1:    layout_honeycomb, nicolae_tar_cuneiform_to_be
Tar:2:    layout_cathedral_of_symmetry
Tar:3:    layout_cathedral_of_symmetry, nicolae_hells_hurtin_island
Tar:4:    nicolae_hells_demon_pit, layout_cathedral_of_symmetry
Tar:5:    nicolae_hells_titanomachy
Tar:6:    layout_grid_maze
Zot:1:    layout_twisted_circle
Zot:2:    gammafunk_its_a_trap, layout_cellular_growth, st_stairs_14,
          grunt_megastairs_1
Zot:3:    layout_cathedral_of_symmetry, zot_minivault_1
Zot:4:    layout_gridville, basic_altar, nrook_zot_tub
Zot:5:    layout_twisted_circle, st_stairs_4, bh_zot_lava_cross,
          grunt_ministairs_13, nicolae_lava_and_water

Skill      XL: |  1  2  3  4  5  6  7  8  9 10 11 12 13 14 15 16 17 18 19 20 21 22 23 24 25 26 27 |
---------------+----------------------------------------------------------------------------------+-----
Transmutations | 1 2 3 4 5 6 21 | 21.3
Earth Magic    | 4 5 6 7 8 9 10 11 12 13 14 15 16 17 18 19 20 21 27 | 27.0
Spellcasting   | 3 4 5 7 8 10 11 12 13 14 15 16 17 18 19 20 22 23 27 | 27.0
Armour         | 3 5 6 8 9 10 11 12 13 14 15 16 27 | 27.0
Fighting       | 3 5 6 8 9 10 11 12 13 14 15 16 17 27 | 27.0
Conjurations   | 2 3 5 7 8 9 10 11 12 13 14 15 16 17 18 19 27 | 27.0
Shields        | 6 9 11 12 13 14 15 27 | 27.0
Fire Magic     | 3 4 5 6 7 9 11 12 13 14 27 | 27.0
Necromancy     | 1 2 3 4 5 6 22 | 22.7
Dodging        | 3 |  3.0
Stealth        | 3 |  3.0

Action                   |  1- 3 |  4- 6 |  7- 9 | 10-12 | 13-15 | 16-18 | 19-21 | 22-24 | 25-27 || total
-------------------------+-------+-------+-------+-------+-------+-------+-------+-------+-------++-------
Melee: Dagger            |    16 |    14 |       |       |       |       |       |       |       ||    30
       Unarmed           |     2 |       |       |       |       |       |       |       |       ||     2
       Mace              |    69 |   103 |       |    48 |       |       |       |   134 |   578 ||   932
       Staff             |    12 |    10 |     3 |    80 |       |       |     4 |     5 |    72 ||   186
       Punch             |     1 |     2 |     1 |     7 |       |       |       |       |       ||    11
       Short sword       |       |    60 |    57 |       |       |       |       |       |       ||   117
       Trident           |       |       |       |   147 |   694 |   624 |   407 |   173 |       ||  2045
       Double sword      |       |       |       |       |       |       |       |    49 |    14 ||    63
       Headbutt          |       |       |       |       |       |       |       |       |    62 ||    62
       Hand axe          |       |       |       |       |       |       |       |       |    51 ||    51
 Cast: Sandblast         |     7 |    35 |    93 |    92 |    57 |     7 |       |     2 |       ||   293
       Stone Arrow       |       |     1 |    36 |   224 |   186 |    85 |       |       |       ||   532
       Passwall          |       |       |     1 |     1 |       |     1 |       |     4 |     9 ||    16
       Wereblood         |       |       |       |     6 |    31 |    26 |    16 |    17 |     5 ||   101
       Mephitic Cloud    |       |       |       |    10 |    77 |    72 |     5 |       |       ||   164
       Freezing Cloud    |       |       |       |       |    49 |   138 |    76 |   125 |    45 ||   433
       Iron Shot         |       |       |       |       |       |   119 |   160 |   343 |   756 ||  1378
       Irradiate         |       |       |       |       |       |     9 |       |     3 |     6 ||    18
       Flame Wave        |       |       |       |       |       |     6 |       |       |       ||     6
       Borgnjor's Vile C |       |       |       |       |       |    82 |   152 |   293 |   586 ||  1113
       Lehudib's Crystal |       |       |       |       |       |       |       |     4 |   147 ||   151
       Shatter           |       |       |       |       |       |       |       |       |    57 ||    57
       Fire Storm        |       |       |       |       |       |       |       |       |   513 ||   513
       Ignition          |       |       |       |       |       |       |       |       |   282 ||   282
       Necromutation     |       |       |       |       |       |       |       |       |   126 ||   126
 Abil: End Transformatio |       |       |       |       |       |       |       |       |    29 ||    29
Evoke: Wand              |       |       |       |       |     4 |       |       |       |     9 ||    13
       Figurine of a zig |       |       |       |       |       |       |       |       |     2 ||     2
       Horn of Geryon    |       |       |       |       |       |       |       |       |     1 ||     1
       Condenser vane    |       |       |       |       |       |       |       |       |     1 ||     1
  Use: Scroll            |       |     4 |     2 |     5 |     8 |     9 |     2 |     8 |    49 ||    87
       Potion            |       |       |       |       |     1 |       |     1 |       |    59 ||    61
 Stab: Sleeping          |     6 |     2 |       |       |       |       |       |       |       ||     8
       Distracted        |       |     1 |       |       |       |       |       |     1 |       ||     2
       Confused          |       |       |       |     2 |    19 |    20 |     1 |       |       ||    42
Armor: Robe              |    34 |    46 |       |       |       |       |       |       |       ||    80
       Leather armour    |       |    74 |    19 |       |       |       |       |       |       ||    93
       Ring mail         |       |       |    47 |    25 |       |       |       |       |       ||    72
       Swamp dragon scal |       |       |       |   152 |       |       |       |       |       ||   152
       Troll leather arm |       |       |       |   307 |   596 |   406 |   325 |   333 |       ||  1967
       Chain mail        |       |       |       |       |       |       |       |    35 |       ||    35
       Scale mail        |       |       |       |       |       |       |       |   145 |       ||   145
       Acid dragon scale |       |       |       |       |       |       |       |   109 |  1397 ||  1506
       Crystal plate arm |       |       |       |       |       |       |       |       |   112 ||   112
       Fire dragon scale |       |       |       |       |       |       |       |       |     3 ||     3
Dodge: Dodged            |    74 |   149 |    76 |   404 |   461 |   222 |   164 |   274 |   700 ||  2524
Block: Buckler           |       |       |       |       |   363 |   149 |       |       |       ||   512
       Reflection        |       |       |       |       |     3 |    91 |    37 |    77 |    87 ||   295
       Kite shield       |       |       |       |       |       |   415 |   533 |   638 |  1645 ||  3231
